Cogmind - Beta 10.1 @@@ ROGUE MODE // 2020.10.01 @ 19:41:22 // Winter2019/RPGLIKE Player: Hermelin Result: Destroyed by M Guard with Graviton Cannon Performance ------------- Evolutions (9) 4500 Regions Visited (37) 7400 Robots Destroyed (612) 3060 Value Destroyed (27398) 27398 Prototype IDs (109) 2180 Alien Tech Used (7) 1400 Bonus (23979) 23979 TOTAL SCORE: 69917 Bonus ------- High Alert Combat Kills 4048 Follower Combat Kills 1461 Entered Garrisons 1600 Used RIF Installer 4000 Network Hubs Disabled 800 Aligned with FarCom 300 Built Enhanced Grunts 300 A7 Reached Mainframe 300 Met R17 at Cetus 500 Met R17 at Research 2000 Scanned by Researcher 500 Pursued by Intercept 500 Met MAIN.C 5000 Destroyed MAIN.C Shell 5000 Friendly Fire -2330 Cogmind --------- Core Integrity 0/1500 Matter 350/350 Energy 26/980 System Corruption 3% Temperature Cool (111) Movement Immobile (Siege) Location -1/Command Parts ------- > --- POWER (2) -------- Zero-point Reactor Zero-point Reactor > --- PROPULSION (4) --- Armored Heavy Treads Biometal Heavy Treads > --- UTILITY (14) ----- Improved Fusion Compressor Experimental Coolant Injector Improved Energy Well Experimental Signal Interpreter Experimental Targeting Computer Advanced Armor Integrity Analyzer Energy Filter Advanced Weapon Cycler Experimental Phase Shifter Experimental Focal Shield Thermal Shield Improved Remote Shield Relay Coupler [NC] (63) > --- WEAPON (4) ------- Cooled Nova Cannon Linked Autogun Multirail > --- INVENTORY (8) ---- Protomatter-41 Experimental Terrain Scanner Improved Cloaking Device System Purifier Null Cannon 8R-AWN's Boregun 8R-AWN's Boregun Advanced Remote Datajack Peak State ------------ > --- POWER ------------ Mini Fusion Reactor Zero-point Reactor > --- PROPULSION ------- Electron Diverter Improved Q-thruster Cooled Q-thruster Cooled Q-thruster > --- UTILITY ---------- Improved Energy Well Experimental Signal Interpreter Experimental Terrain Scanner Experimental Targeting Computer Advanced Armor Integrity Analyzer Advanced Weapon Cycler Advanced Transmission Jammer Advanced Reaction Control System Experimental Phase Shifter Improved Cloaking Device Advanced Powered Armor Ghost Barrier Relay Coupler [NC] > --- WEAPON ----------- Multirail Core Stripper Phasing Sabre > --- INVENTORY -------- Zero-point Reactor Improved Fusion Compressor System Purifier Subatomic Replicator Cooled Nova Cannon Null Cannon 8R-AWN's Boregun 8R-AWN's Boregun [Rating: 203] Favorites ----------- Power Mini Fusion Reactor Engine Ion Engine Power Core Reinforced Fission Core Reactor Mini Fusion Reactor Propulsion Biomechanical Wings Treads Light Treads Leg Centrium Leg Hover Unit Cooled Gravmag System Flight Unit Biomechanical Wings Utility Experimental Targeting Computer Device Advanced Weapon Cycler Storage Improved Energy Well Processor Experimental Targeting Computer Hackware Hacking Suite Protection Hardened Light Armor Plating Artifact Matter Drive Weapon 8R-AWN's Boregun Energy Gun Improved EM Shotgun Energy Cannon Cooled Nova Cannon Ballistic Gun 8R-AWN's Boregun Ballistic Cannon Omega Cannon Launcher Missile Launcher Special Weapon Advanced Remote Datajack Impact Weapon Core Stripper Slashing Weapon Phasing Sabre Special Melee Weapon Datajack Build | -11 -10 -10 -9 -9 -9 -8 -8 -8 -8 -8 -8 -8 -6 -6 -6 -6 -6 -6 -6 -5 -5 -5 -5 -4 -4 -4 -4 -4 -4 -3 -3 -2 -2 -2 -2 -1 -1 ------- Run | Scr Mat Min Mat Min Exi Min Mat Gar Mat Sto Gar Rec Fac Gar Fac Ext Cet Arc Hub Fac Gar Fac Gar Fac Was Fac Gar Fac Gar Res Qua Res Tes Sec Gar Acc Com Slots Evolved 20 | 3 3 2 2 1 . 1 1 . . . . . . 1 . 1 . . 1 . . . . . . . 1 . . . 1 1 . . . . 1 Power 1 | . . . 1 . . . . . . . . . . . . . . . . . . . . . . . . . . . . . . . . . . Propulsion 3 | 1 . . . 1 . . . . . . . . . . . 1 . . . . . . . . . . . . . . . . . . . . . Utility 13 | 1 2 2 1 . . 1 1 . . . . . . 1 . . . . 1 . . . . . . . 1 . . . 1 . . . . . 1 Weapon 3 | 1 1 . . . . . . . . . . . . . . . . . . . . . . . . . . . . . . 1 . . . . . Parts Attached 331 | 7 17 8 35 8 17 3 20 . . 12 . . . 1 17 8 2 5 4 11 1 15 . 1 3 7 4 1 3 4 22 15 40 4 1 14 21 Power 22 | 1 . . 4 . 1 2 2 . . 2 . . . . 7 . . . . . . 1 . . . . . . . . . . 1 . . 1 . Engine 8 | 1 . . 1 . . 1 2 . . 1 . . . . 2 . . . . . . . . . . . . . . . . . . . . . . Core 6 | . . . 3 . 1 1 . . . . . . . . 1 . . . . . . . . . . . . . . . . . . . . . . Reactor 8 | . . . . . . . . . . 1 . . . . 4 . . . . . . 1 . . . . . . . . . . 1 . . 1 . Propulsion 53 | 2 2 . 4 1 3 . 2 . . 4 . . . . 2 2 . 1 2 4 . 6 . . . . . . . 1 1 3 7 . . 2 4 Treads 11 | 2 2 . 3 . . . . . . . . . . . . . . . . . . . . . . . . . . . . . . . . 1 3 Leg 2 | . . . . . 1 . . . . . . . . . . . . . . . . . . . . . . . . . . . . . . . 1 Wheel . | . . . . . . . . . . . . . . . . . . . . . . . . . . . . . . . . . . . . . . Hover 15 | . . . . 1 2 . 2 . . 3 . . . . 1 1 . 1 2 1 . 1 . . . . . . . . . . . . . . . Flight 25 | . . . 1 . . . . . . 1 . . . . 1 1 . . . 3 . 5 . . . . . . . 1 1 3 7 . . 1 . Utility 173 | 2 4 2 15 5 9 1 15 . . 2 . . . 1 8 5 2 2 2 7 1 6 . 1 3 7 4 1 3 3 13 11 15 2 1 7 13 Device 114 | 1 1 1 5 4 7 1 10 . . 1 . . . 1 4 2 . . 2 7 1 5 . . 3 5 3 1 2 1 8 6 11 2 1 6 12 Storage 7 | . . 1 1 . . . . . . 1 . . . . . 1 . . . . . 1 . . . . . . . . 1 . 1 . . . . Processor 7 | 1 . . . . 2 . 1 . . . . . . . 1 . . . . . . . . . . 1 . . . . . 1 . . . . . Hackware 9 | . 1 . . . . . 2 . . . . . . . . . . 2 . . . . . 1 . 1 . . 1 . . . 1 . . . . Protection 35 | . 2 . 9 1 . . 2 . . . . . . . 3 2 2 . . . . . . . . . 1 . . 2 3 4 2 . . 1 1 Artifact 1 | . . . . . . . . . . . . . . . . . . . . . . . . . . . . . . . 1 . . . . . . Weapon 83 | 2 11 6 12 2 4 . 1 . . 4 . . . . . 1 . 2 . . . 2 . . . . . . . . 8 1 17 2 . 4 4 Energy Gun 8 | 1 3 . 4 . . . . . . . . . . . . . . . . . . . . . . . . . . . . . . . . . . Energy Cannon 10 | . 2 . . . . . . . . . . . . . . . . . . . . . . . . . . . . . 1 . 3 1 . 2 1 Ballistic Gun 36 | 1 2 3 5 1 3 . . . . 2 . . . . . . . . . . . . . . . . . . . . 5 1 10 . . 1 2 Ballistic Cannon 1 | . . . . . . . . . . . . . . . . . . . . . . . . . . . . . . . . . 1 . . . . Launcher 11 | . 3 3 1 1 1 . . . . 1 . . . . . . . . . . . 1 . . . . . . . . . . . . . . . Special Weapon 2 | . . . . . . . . . . . . . . . . . . . . . . . . . . . . . . . . . . . . 1 1 Impact Weapon 3 | . . . . . . . . . . . . . . . . . . . . . . . . . . . . . . . 1 . 2 . . . . Slashing Weapon 8 | . . . . . . . 1 . . 1 . . . . . 1 . 1 . . . 1 . . . . . . . . 1 . 1 1 . . . Piercing Weapon . | . . . . . . . . . . . . . . . . . . . . . . . . . . . . . . . . . . . . . . Special Melee Weapon 4 | . 1 . 2 . . . . . . . . . . . . . . 1 . . . . . . . . . . . . . . . . . . . Unidentified Prototypes 51 | . . . 2 1 7 . 1 . . 7 . . . . 4 1 1 . . 1 . 1 . . . . . . . 1 5 4 12 1 . 1 1 Parts Lost 6 | . . . 1 . . . 1 . . . . . . . . 1 . . 1 1 . . . . . . . . . . . . . . . 1 . Power . | . . . . . . . . . . . . . . . . . . . . . . . . . . . . . . . . . . . . . . Propulsion 2 | . . . . . . . 1 . . . . . . . . . . . . . . . . . . . . . . . . . . . . 1 . Utility 4 | . . . 1 . . . . . . . . . . . . 1 . . 1 1 . . . . . . . . . . . . . . . . . Weapon . | . . . . . . . . . . . . . . . . . . . . . . . . . . . . . . . . . . . . . . Highest Loss Streak 1 | . . . 1 . . . 1 . . . . . . . . 1 . . 1 1 . . . . . . . . . . . . . . . 1 . Average Slot Usage (%) 97 | . 99 99 98 100 99 92 93 94 94 94 100 100 100 100 99 98 100 100 99 99 100 98 100 100 100 100 100 100 100 95 91 90 96 99 100 93 89 Engine 1 | . 11 8 3 . . . 3 5 5 4 . . . . 3 . . . . . . . . . . . . . . . . . . . . . . Core 3 | . . . 4 13 13 12 7 5 5 5 5 5 5 5 1 . . . . . . . . . . . . . . . . . . . . . . Reactor 5 | . . . . . . . . . . . 5 5 5 5 5 10 10 10 10 10 10 9 10 10 10 10 9 9 9 9 9 8 8 8 8 8 8 Treads 5 | . 23 17 14 13 11 . . . . . . . . . . . . . . . . . . . . . . . . . . . . . . 2 9 Hover 5 | . . . . 4 6 12 11 11 11 11 17 17 17 16 16 15 21 21 19 15 10 2 . . . . . . . . . . . . . . . Flight 5 | . . . . . . . . . . . . . . . . 4 . . . 4 10 16 20 20 20 20 19 19 19 14 13 7 14 17 17 10 . Device 21 | . 21 20 22 13 15 20 21 17 17 16 11 11 11 15 14 15 21 18 24 24 25 28 30 28 25 23 27 28 28 23 24 31 29 25 26 28 32 Storage 3 | . . 7 4 6 3 . . . . . 5 5 5 5 5 5 5 5 5 5 5 4 5 5 5 5 4 4 4 4 4 4 4 4 4 4 4 Processor 10 | . 1 . . . 2 12 12 17 17 17 17 17 17 16 16 15 15 15 15 15 15 15 15 15 15 15 14 14 14 14 13 13 13 13 13 13 12 Hackware 6 | . 2 8 3 . . . 8 11 11 11 11 11 11 11 11 6 5 7 5 5 5 5 5 6 10 11 9 9 9 9 7 4 5 8 8 5 4 Protection 8 | . 7 8 20 26 23 12 6 5 5 5 5 5 5 5 7 6 5 5 5 5 5 1 . . . . . . . 3 3 2 3 4 4 3 3 Energy Gun 3 | . 11 17 13 6 6 6 1 . . . . . . . . . . . . . . . . . . . . . . . . . . . . . . Ballistic Gun 9 | . 12 5 8 7 11 12 11 11 11 11 11 11 11 11 11 10 10 10 10 10 10 10 10 10 10 10 9 9 9 9 4 13 12 13 13 10 7 Slashing Weapon 2 | . . . . . . . 3 5 5 5 5 5 5 5 5 5 5 4 5 5 5 4 5 5 5 5 4 4 4 4 3 4 3 3 4 1 . Naked Turns . | . . . . . . . . . . . . . . . . . . . . . . . . . . . . . . . . . . . . . . Heaviest Build 109 | 8 18 22 43 46 61 54 56 55 55 56 56 56 56 58 63 60 55 55 57 59 59 58 47 47 47 47 48 45 45 55 62 69 72 72 75 94 109 Greatest Support 150 | 40 40 40 45 45 55 55 55 55 55 61 61 61 61 61 69 69 69 72 74 65 60 60 47 47 47 47 47 47 47 58 69 69 72 72 86 86 150 Greatest Overweight (x) 4 | . . . 1 1 2 . 2 . . 1 . . . . 1 . . . 1 4 1 2 . 2 . . 1 . . . 1 1 1 . 1 1 1 Average Overweight (x) . | . . . . . . . . . . . . . . . . . . . . . . . . . . . . . . . . . . . . . . Largest Inventory Capacity 8 | 2 2 2 4 4 4 4 4 4 4 5 5 5 5 6 6 6 6 6 6 6 7 7 7 7 7 7 7 7 7 7 7 7 8 8 8 8 8 Average Capacity 5 | 1 2 2 3 4 4 4 4 4 4 4 5 5 5 5 6 6 6 6 6 6 6 7 7 7 7 7 7 7 7 7 7 7 7 8 8 8 8 Most Carried 8 | 1 2 2 4 4 4 4 4 4 4 5 5 5 5 6 6 6 6 6 6 6 7 7 7 7 7 7 7 7 7 7 7 7 8 8 8 8 8 Average Carried 5 | . 1 2 3 3 2 3 3 3 3 4 5 5 5 4 5 5 6 5 5 5 6 6 6 6 6 6 6 7 6 6 6 6 7 7 6 7 7 Final Capacity 8 | 2 2 2 4 4 4 4 4 4 4 5 5 5 5 6 6 6 6 6 6 6 7 7 7 7 7 7 7 7 7 7 7 7 8 8 8 8 8 Final Carried 8 | 1 2 2 4 4 4 4 4 4 4 5 5 5 5 6 5 6 6 6 6 6 7 7 7 6 7 7 7 7 7 7 7 7 8 6 7 8 8 Class Distribution -------------------- 24% | Scavenger-Ninja 15% | Scavenger-Scout 13% | Scavenger-Mutant 8% | Hacker-Tank 8% | Hacker-Ninja 6% | Scavenger-Skirmisher 4% | Scavenger-Assassin 3% | Hacker-Skirmisher 3% | Scavenger-Tank Dominant Class ---------------- Mutant | -10/Materials Hacker-Skirmisher | -10/Mines Hacker-Tank | -9/Materials Scavenger-Mutant | -9/Mines Scavenger-Mutant | -9/Exiles Scavenger-Mutant | -8/Mines Scavenger-Mutant | -8/Materials Scavenger-Scout | -8/Garrison Scavenger-Scout | -8/Materials Scavenger-Scout | -8/Storage Scavenger-Scout | -8/Garrison Scavenger-Scout | -8/Recycling Scavenger-Scout | -6/Factory Scavenger-Scout | -6/Garrison Scavenger-Scout | -6/Factory Scavenger-Ninja | -6/Extension Scavenger-Ninja | -6/Cetus Scavenger-Ninja | -6/Archives Scavenger-Ninja | -6/Hub_04(d) Scavenger-Ninja | -5/Factory Scavenger-Assassin | -5/Garrison Scavenger-Ninja | -5/Factory Scavenger-Ninja | -5/Garrison Scavenger-Ninja | -4/Factory Scavenger-Ninja | -4/Waste Hacker-Ninja | -4/Factory Hacker-Ninja | -4/Garrison Hacker-Ninja | -4/Factory Scavenger-Ninja | -4/Garrison Scavenger-Ninja | -3/Research Scavenger-Ninja | -3/Quarantine Scavenger-Ninja | -2/Research Scavenger-Ninja | -2/Testing Hacker-Ninja | -2/Section 7 Hacker-Ninja | -2/Garrison Scavenger-Skirmisher | -1/Access Scavenger-Skirmisher | -1/Command Resources | -11 -10 -10 -9 -9 -9 -8 -8 -8 -8 -8 -8 -8 -6 -6 -6 -6 -6 -6 -6 -5 -5 -5 -5 -4 -4 -4 -4 -4 -4 -3 -3 -2 -2 -2 -2 -1 -1 ----------- Run | Scr Mat Min Mat Min Exi Min Mat Gar Mat Sto Gar Rec Fac Gar Fac Ext Cet Arc Hub Fac Gar Fac Gar Fac Was Fac Gar Fac Gar Res Qua Res Tes Sec Gar Acc Com Matter Collected 15554 | 277 295 380 736 277 675 522 1062 12 396 516 254 610 . 502 292 470 212 158 313 525 910 228 720 70 205 286 448 34 358 168 316 253 606 61 307 321 1779 Remotely . | . . . . . . . . . . . . . . . . . . . . . . . . . . . . . . . . . . . . . . Salvage Created 29146 | 103 862 318 2002 505 450 1222 2010 56 1195 769 336 880 . 620 573 1446 632 367 1338 921 960 557 834 144 1368 1593 259 119 444 20 499 253 800 74 250 594 3773 Parts 1803 | 5 74 16 131 20 67 79 136 4 74 67 31 46 . 51 34 78 34 22 65 64 73 38 44 14 44 82 47 3 37 8 27 25 37 . 24 25 177 Haulers Intercepted 19 | . 1 . 5 . . . 4 . 4 . . . . . 1 . . . 1 . . . . 1 . 2 . . . . . . . . . . . Recyclers Shooed 7 | . . . 1 . . . . . 2 . . . . . 1 1 . . . . . . . . . . . . . . . . 1 . . . 1 Parts Field Recycled . | . . . . . . . . . . . . . . . . . . . . . . . . . . . . . . . . . . . . . . Retrieved Matter . | . . . . . . . . . . . . . . . . . . . . . . . . . . . . . . . . . . . . . . Parts Self-Destructed . | . . . . . . . . . . . . . . . . . . . . . . . . . . . . . . . . . . . . . . Prevented . | . . . . . . . . . . . . . . . . . . . . . . . . . . . . . . . . . . . . . . Kills | -11 -10 -10 -9 -9 -9 -8 -8 -8 -8 -8 -8 -8 -6 -6 -6 -6 -6 -6 -6 -5 -5 -5 -5 -4 -4 -4 -4 -4 -4 -3 -3 -2 -2 -2 -2 -1 -1 ------- Run | Scr Mat Min Mat Min Exi Min Mat Gar Mat Sto Gar Rec Fac Gar Fac Ext Cet Arc Hub Fac Gar Fac Gar Fac Was Fac Gar Fac Gar Res Qua Res Tes Sec Gar Acc Com Combat Hostiles Destroyed 480 | . 25 18 38 13 6 31 41 3 19 17 15 12 . 16 6 16 9 2 13 15 23 6 15 1 6 16 10 1 7 3 7 5 6 . 6 7 46 Melee 36 | . . . . . . . 2 . . . 1 1 . . . 3 4 . 2 3 . 2 . . . 11 . 1 . . 3 2 . . 1 . . Guns 371 | . 7 6 29 5 3 31 39 3 19 17 14 11 . 16 6 13 5 2 11 12 23 4 15 1 6 5 10 . 7 3 3 3 5 . 5 5 27 Cannons 29 | . 8 . . . . . . . . . . . . . . . . . . . . . . . . . . . . . . . . . . 2 19 AOE 42 | . 10 12 9 8 3 . . . . . . . . . . . . . . . . . . . . . . . . . . . . . . . . Classes Destroyed 25 | 2 6 . 3 . 3 2 . . 2 . . 1 . 1 . 1 . . . . . . . . 1 . . . . . 1 . 2 . . . . Worker 24 | . 1 . 2 1 . 2 3 . 1 1 . . . . 1 . . . . . . . . 1 . 4 . . . . 1 . . 1 . . 5 Builder 9 | . . . . . . 2 3 . . 1 . 1 . . . . . . 2 . . . . . . . . . . . . . . . . . . Tunneler 6 | 1 . . . . . 1 . . . . . . . . . . . . . . . 1 . . . 2 . . . . . . . . . 1 . Hauler 19 | . 1 . 5 . . . 4 . 4 . . . . . 1 . . . 1 . . . . 1 . 2 . . . . . . . . . . . Recycler 21 | 1 . 1 2 . . . 1 . . . . 7 . . 1 3 . . . . . . . . . 1 . . . . . . 2 . . . 2 Mechanic 4 | . . . . . . . . . 1 . . . . . . . . . . 1 . 1 . . . . . . . . . . . . . . 1 Operator 16 | . 4 . 2 . . . 1 . 1 . . . . . . . . 3 1 . . 1 . . . 1 . . . 1 . . . . . . 1 Drone 9 | . . . . . . . . . . . . 9 . . . . . . . . . . . . . . . . . . . . . . . . . Turret 1 | . . . . . 1 . . . . . . . . . . . . . . . . . . . . . . . . . . . . . . . . Watcher 18 | . 2 . 4 . . . 2 . . 1 . . . . 1 1 1 . 2 . . . . 1 . 1 . . . . . . 1 . . 1 . Swarmer 97 | . 9 12 6 7 . 16 6 3 . 2 6 . . 4 . 2 . . . 4 4 . 7 . . . . . . 1 . . . . 3 . 5 Grunt 187 | . 16 6 22 5 . 12 25 . 13 6 6 3 . 8 2 3 2 . 5 5 8 2 5 . . 8 8 . . 1 1 . 2 . . 1 12 Brawler 15 | . . . 1 1 . 2 . . . . . . . . 1 . . . . 1 2 . 1 . . . . . 2 . . . . . . . 4 Duelist 11 | . . . . . . 1 1 . . 1 . . . . . 3 . . . . 1 . 2 . . . . . . . . . . . . . 2 Protector 3 | . . . 1 . . . . . . . . . . . . . . . . . . . . . . . . . . . . . . . . . 2 Researcher 2 | . . . . . . . . . . . . . . . . . . . . . . . . . . . . . . . . . 1 1 . . . Sentry 85 | . . . 8 . . . 9 . 5 8 3 . . 2 2 6 . 2 7 1 7 2 . 1 . 6 . 1 1 1 . 5 . . . 2 6 Hunter 9 | . . . . . . . . . 1 . . . . . . . 2 . 1 . . . . . . 2 . . . . . . 2 . . . 1 Programmer 35 | . . . . . . . . . . . . . . 2 1 . . . . 4 . 1 1 . . . 1 . 3 . 5 . 1 . 3 . 13 Behemoth 6 | . . . . . . . . . . . . . . . . 2 . . . . 1 1 . . . . 1 . 1 . . . . . . . . Compactor 6 | . . . . . . . . . . . . . . . . . . . . . . . . . 6 . . . . . . . . . . . . Cetus Guard 5 | . . . . . . . . . . . . . . . . . 5 . . . . . . . . . . . . . . . . . . . . Enhanced Grunt 1 | . . . . . . . . . . . . . . . . . . . 1 . . . . . . . . . . . . . . . . . . Tracker 2 | . . . . . . . . . . . . . . . . . . . . . . . . . . . . . . . . . . . . 2 . Combat Programmer 2 | . . . . . . . . . . . . . . . . . . . . . . . . . . . . . . . . . . . . 2 . Alpha 7 1 | . . . . . . . . . . . . . . . . . . . . . . . . . . . . . . . 1 . . . . . . Fortress 1 | . . . . . . . . . . . . . . . . . . . . . . . . . . . . . . . . . 1 . . . . Zionite 4 | . . . . . 4 . . . . . . . . . . . . . . . . . . . . . . . . . . . . . . . . Assembled 7 | . . . . . 7 . . . . . . . . . . . . . . . . . . . . . . . . . . . . . . . . Best Kill Streak 15 | 1 6 3 7 6 6 11 9 3 10 5 6 4 . 5 3 3 3 2 6 4 6 2 15 1 6 3 8 1 5 2 3 2 2 1 3 2 8 Combat Bots Only 15 | . 5 3 7 6 5 7 7 3 7 5 6 3 . 5 1 3 3 2 5 4 6 2 15 1 6 2 8 1 5 1 3 2 2 . 3 2 7 Max Kills in Single Turn 3 | 1 2 3 2 3 3 2 3 3 3 2 2 2 . 2 1 2 1 2 2 2 2 1 2 1 1 1 2 1 1 1 2 1 2 1 1 1 2 Gunslinging 1 | . . . 1 1 . . 1 . . . . . . 1 . 1 . 1 . . . . . . . . 1 . . . 1 . . . . . . Exploded 3 | . 2 3 2 3 2 . . . . . . . . . . . . . . . . . . . . . . . . . . . . . . . . Melee 1 | . . . . . . . 1 . . . 1 1 . . . 1 1 . 1 1 . 1 . . . 1 . 1 . . 1 1 . . 1 . . Uniques/NPCs Destroyed 6 | . . . . . 4 . . . . 1 . . . . . . . . . . . . . . . . . . . . . . . . . . 1 8R-AWN (-9/Exiles) EX-BIN (-9/Exiles) EX-HEX (-9/Exiles) EX-DEC (-9/Exiles) 01-MTF (-8/Storage) MAIN.C Shell (-1/Command) Combat | -11 -10 -10 -9 -9 -9 -8 -8 -8 -8 -8 -8 -8 -6 -6 -6 -6 -6 -6 -6 -5 -5 -5 -5 -4 -4 -4 -4 -4 -4 -3 -3 -2 -2 -2 -2 -1 -1 -------- Run | Scr Mat Min Mat Min Exi Min Mat Gar Mat Sto Gar Rec Fac Gar Fac Ext Cet Arc Hub Fac Gar Fac Gar Fac Was Fac Gar Fac Gar Res Qua Res Tes Sec Gar Acc Com Damage Taken 20097 | . 599 462 734 184 1139 222 503 12 209 347 497 53 . 786 12 711 446 208 825 945 1393 477 200 145 . 1466 240 34 417 293 501 343 542 . 501 1123 3528 Core 13965 | . 451 352 455 108 777 144 325 8 144 215 318 27 . 513 4 426 235 128 512 640 928 382 155 117 . 1186 192 26 346 173 320 262 385 . 326 865 2520 Absorbed by Shields 4212 | . . . 229 74 411 89 170 4 79 66 . . . 300 12 162 172 . . 186 499 161 74 52 . 538 89 12 153 . . . 10 . . . 670 Reduced by Siege Mode 52 | . . . . . . . . . . . . . . . . . . . . . . . . . . . . . . . . . . . . . 52 Redirected to Core 12165 | . 365 285 385 104 656 109 269 8 132 168 300 27 . 488 4 317 235 102 439 586 815 318 155 99 . 947 164 26 252 173 271 262 310 . 258 794 2342 Core Remaining (%) 88 | 100 . 44 . . . 89 . . . . . 97 . . . . . . 84 . . . 100 . . . . . 100 . 89 . . . 95 . . Volleys Fired 1202 | 7 62 31 92 43 74 49 74 1 33 33 28 44 . 41 11 30 16 9 22 35 75 16 29 5 15 18 36 . 29 9 12 5 12 2 19 20 165 Largest 4 | 2 3 3 3 3 3 3 2 2 2 2 2 2 . 2 2 2 2 2 2 2 2 2 2 2 2 2 2 . 2 2 2 3 4 4 3 2 3 Hottest 300 | 60 150 150 110 91 91 105 60 60 60 60 60 60 . 60 60 60 60 60 60 60 60 60 60 60 60 60 60 . 60 60 300 105 235 235 105 95 225 Shots Fired 2503 | 14 127 62 233 87 164 92 145 2 66 66 56 88 . 82 22 60 32 18 44 70 150 32 58 10 28 36 72 . 58 18 20 14 26 8 42 40 361 Gun 2238 | 14 89 53 227 82 161 92 145 2 66 66 56 88 . 82 22 60 32 18 44 70 150 32 58 10 28 36 72 . 58 18 16 14 25 6 42 22 182 Cannon 233 | . 30 . . . . . . . . . . . . . . . . . . . . . . . . . . . . . 4 . 1 2 . 18 178 Launcher 31 | . 8 9 6 5 3 . . . . . . . . . . . . . . . . . . . . . . . . . . . . . . . . Special 1 | . . . . . . . . . . . . . . . . . . . . . . . . . . . . . . . . . . . . . 1 Kinetic 1928 | 7 55 9 99 44 115 82 142 2 66 66 56 88 . 82 22 60 32 18 44 70 150 32 58 10 28 36 72 . 58 18 16 14 25 6 42 22 182 Thermal 318 | 7 64 44 . . . . . . . . . . . . . . . . . . . . . . . . . . . . 4 . 1 2 . 18 178 Explosive 31 | . 8 9 6 5 3 . . . . . . . . . . . . . . . . . . . . . . . . . . . . . . . . Electromagnetic 225 | . . . 128 38 46 10 3 . . . . . . . . . . . . . . . . . . . . . . . . . . . . . . Robot Hit Streak 55 | 12 13 13 16 13 26 13 16 12 10 14 14 8 . 24 7 14 8 6 19 10 14 17 10 7 11 14 10 . 12 6 13 21 9 5 11 32 55 Robot Miss Streak 14 | . 14 5 4 2 3 3 2 1 2 4 3 13 . 4 2 4 2 1 1 3 2 1 3 1 3 2 2 . 2 2 2 1 2 1 1 3 4 Penetration Max 2 | . . . . . 2 2 2 2 2 1 2 1 . 1 1 2 . 1 1 2 2 . 1 . 1 2 . . 1 2 . . 1 . . . 2 Secondary Targets 47 | . . . 5 1 2 5 4 . 1 2 3 . . 4 . 1 . 1 . . 6 . 5 . . . 3 . . . 1 . . . 2 . 1 Max Gunslinging Chain 1 | . . . 1 1 1 1 1 . 1 1 1 . . 1 . 1 . 1 . . 1 . 1 . . . 1 . . . 1 . . . 1 . 1 Shots Hit Robots 2082 | 12 82 55 164 72 146 65 126 1 52 55 37 39 . 55 26 61 33 19 48 53 121 35 41 13 19 99 53 4 45 17 34 17 31 8 35 34 275 Core Hits 1194 | 4 61 52 91 54 49 42 77 3 33 33 20 25 . 29 15 43 15 8 25 29 47 18 28 6 7 43 26 2 18 8 14 11 17 4 10 26 201 Critical Hits 640 | . . . 1 1 13 44 83 3 36 31 22 19 . 28 12 32 14 6 24 20 60 14 22 4 12 18 29 . 25 8 11 6 9 2 13 2 16 Critical Kills 250 | . . . 1 1 2 23 30 2 20 10 10 10 . 13 6 7 7 3 15 8 18 2 12 1 6 6 8 . 6 3 2 4 4 1 3 2 4 Critical Parts Destroyed 339 | . . . . . 6 19 53 1 16 15 12 9 . 15 6 19 5 3 9 11 36 8 10 3 2 11 17 . 14 4 9 2 4 1 10 . 9 Melee Attacks 408 | . . . . . . . 28 4 7 21 9 7 . 8 24 15 10 5 17 15 8 19 1 8 . 98 . 8 5 7 38 10 26 3 4 3 . Kinetic 7 | . . . . . . . . . . . . . . . . . . . . . . . . . . . . . . . 3 . 4 . . . . Impact . | . . . . . . . . . . . . . . . . . . . . . . . . . . . . . . . . . . . . . . Slashing 398 | . . . . . . . 28 4 7 21 9 7 . 8 24 15 10 2 17 15 8 19 1 8 . 98 . 8 5 7 35 10 22 3 4 3 . Piercing . | . . . . . . . . . . . . . . . . . . . . . . . . . . . . . . . . . . . . . . Sneak Attacks 55 | . . . . . . . 8 . 2 3 . 2 . . 4 2 . 5 2 . 1 2 . 4 . 11 . . . 1 3 . 4 1 . . . Combat Hostiles 9 | . . . . . . . . . . 2 . . . . . . . . 1 . 1 . . . . 3 . . . . 1 . 1 . . . . Follow-up Attacks . | . . . . . . . . . . . . . . . . . . . . . . . . . . . . . . . . . . . . . . Damage Inflicted 61268 | 121 1485 1221 3173 1448 2131 1517 3985 80 1541 1615 894 997 . 1124 935 2147 831 701 1761 1386 2560 1027 907 667 415 4865 875 182 962 611 2119 539 1334 329 712 1422 12649 Guns 35946 | 121 463 484 2378 943 1551 1517 2836 80 1167 1148 774 739 . 1094 338 1495 421 293 822 1119 2491 525 907 142 415 744 847 . 962 243 259 210 341 101 654 644 6678 Cannons 8178 | . 458 . . . . . . . . . . . . . . . . . . . . . . . . . . . . . 900 . 64 66 . 763 5927 Explosions 3228 | . 564 737 795 505 580 . . . . 19 . . . . . . . . . . . . . . . . 28 . . . . . . . . . . Melee 13852 | . . . . . . . 1149 . 374 448 120 258 . 30 597 647 410 408 939 267 69 502 . 525 . 4121 . 182 . 368 960 329 929 162 58 . . Ramming 64 | . . . . . . . . . . . . . . . . 5 . . . . . . . . . . . . . . . . . . . 15 44 Kinetic 33011 | 42 201 53 693 388 1382 1364 2763 80 1167 1148 774 739 . 1094 338 1495 421 293 822 1119 2491 525 907 142 415 744 847 . 962 243 388 210 684 101 654 644 6678 Thermal 9517 | 79 720 431 465 102 . . . . . . . . . . . . . . . . . . . . . . . . . . 900 . 64 66 . 763 5927 Explosive 2661 | . 564 737 330 403 580 . . . . 19 . . . . . . . . . . . . . . . . 28 . . . . . . . . . . Electromagnetic 2635 | . . . 1685 555 169 153 73 . . . . . . . . . . . . . . . . . . . . . . . . . . . . . . Impact . | . . . . . . . . . . . . . . . . . . . . . . . . . . . . . . . . . . . . . . Slashing 13380 | . . . . . . . 1149 . 374 448 120 258 . 30 597 647 410 408 939 267 69 502 . 525 . 4121 . 182 . 368 831 329 586 162 58 . . Piercing . | . . . . . . . . . . . . . . . . . . . . . . . . . . . . . . . . . . . . . . Highest Corruption 8 | . . . . . . . 3 . . . . . . . 2 . . . 4 2 . 1 . . 8 7 2 . 4 . 4 2 1 . 1 4 4 Average Corruption 1 | . . . . . . . 1 . . . . . . . 1 . . . 2 1 . 1 . . 7 1 1 . 2 . 2 1 1 . 1 1 1 Corruption Purged 54 | . . . . . . . 4 . . . . . . . 2 . . . 4 4 . 1 . . 1 7 2 . 4 . 4 2 2 . . 5 12 Effects 52 | . . . . . . . 4 . . . . . . . . . . . 3 3 . . . . 10 4 2 . 6 . 2 . . . . 1 17 Message Errors 11 | . . . . . . . 1 . . . . . . . . . . . . 2 . . . . 1 2 . . . . 1 . . . . . 4 Matter Fused 5 | . . . . . . . . . . . . . . . . . . . 1 . . . . . 1 . . . . . . . . . . . 3 Heat Flow Errors 4 | . . . . . . . 1 . . . . . . . . . . . . . . . . . . . 1 . 1 . . . . . . . 1 Energy Discharges 7 | . . . . . . . . . . . . . . . . . . . 1 1 . . . . . 1 1 . 1 . . . . . . 1 1 Data Loss (minor) 4 | . . . . . . . 1 . . . . . . . . . . . . . . . . . 1 . . . 1 . . . . . . . 1 Targeting Errors 18 | . . . . . . . 1 . . . . . . . . . . . 1 . . . . . 5 1 . . 3 . 1 . . . . . 6 Weapon Failures 3 | . . . . . . . . . . . . . . . . . . . . . . . . . 2 . . . . . . . . . . . 1 Overload Shots 6 | . . . . . . . . . . . . . . . . . . . . . . . . . . . . . . . . . . . . . 6 Overflow Damage 2399 | . 23 33 8 52 24 . 175 . 155 94 . 49 . . 103 194 5 . 73 9 . 129 . 59 . 426 . . . 148 92 . 199 94 . 23 232 Projectiles 255 | . . . . . . . . . . . . . . . . . . . . . . . . . . . . . . . . . . . . 23 232 Explosions 140 | . 23 33 8 52 24 . . . . . . . . . . . . . . . . . . . . . . . . . . . . . . . . Melee 2004 | . . . . . . . 175 . 155 94 . 49 . . 103 194 5 . 73 9 . 129 . 59 . 426 . . . 148 92 . 199 94 . . . Knockbacks 1 | . . . . . . . . . . . . . . . . . . . . . . . . . . . . . . . . . . . . . 1 Impact 1 | . . . . . . . . . . . . . . . . . . . . . . . . . . . . . . . . . . . . . 1 Kinetic . | . . . . . . . . . . . . . . . . . . . . . . . . . . . . . . . . . . . . . . Secondary . | . . . . . . . . . . . . . . . . . . . . . . . . . . . . . . . . . . . . . . Self-Inflicted Damage 221 | . 38 36 63 82 . . . . . . . . . . . 2 . . . . . . . . . . . . . . . . . . . . . Shots 11 | . 1 2 5 3 . . . . . . . . . . . . . . . . . . . . . . . . . . . . . . . . . Rammed 6 | . . . . . . . . . . . . . . . . 1 . . . . . . . . . . . . . . . . . . . 1 4 Targets Rammed 6 | . . . . . . . . . . . . . . . . 1 . . . . . . . . . . . . . . . . . . . 1 4 Kicked . | . . . . . . . . . . . . . . . . . . . . . . . . . . . . . . . . . . . . . . Crushed . | . . . . . . . . . . . . . . . . . . . . . . . . . . . . . . . . . . . . . . Highest Temperature 418 | 40 119 248 132 32 52 55 193 6 30 149 139 118 . 275 37 187 188 160 160 135 . 41 . . 180 75 274 . 97 67 418 186 207 308 12 197 193 Average Temperature 54 | 17 38 80 24 11 8 18 64 4 11 44 53 34 . 84 16 64 87 68 54 58 . 21 . . 87 31 65 . 23 29 137 64 62 172 4 65 81 Received Heat Transfer 3024 | . 231 171 283 26 . 42 234 . 90 87 126 27 . 185 6 103 37 9 153 111 378 45 24 6 . 247 39 6 18 30 18 63 40 . 9 . 180 Effects 5 | . . 2 . . . . . . . . . . . . . . . . . . . . . . . . . . . . 3 . . . . . . Interference 4 | . . 2 . . . . . . . . . . . . . . . . . . . . . . . . . . . . 2 . . . . . . Matter Decay 1 | . . . . . . . . . . . . . . . . . . . . . . . . . . . . . . . 1 . . . . . . Siege Activations 3 | . . . . . . . . . . . . . . . . . . . . . . . . . . . . . . . . . . . . . 3 Total Turns 53 | . . . . . . . . . . . . . . . . . . . . . . . . . . . . . . . . . . . . . 53 Longest Duration 33 | . . . . . . . . . . . . . . . . . . . . . . . . . . . . . . . . . . . . . 33 Robots Corrupted 2 | . . . . . 1 . 1 . . . . . . . . . . . . . . . . . . . . . . . . . . . . . . Combat Hostiles 1 | . . . . . 1 . . . . . . . . . . . . . . . . . . . . . . . . . . . . . . . . Parts Fried 16 | . . . 8 . . . 4 . . 1 . . . . . 1 2 . . . . . . . . . . . . . . . . . . . . Impact Corruptions . | . . . . . . . . . . . . . . . . . . . . . . . . . . . . . . . . . . . . . . Robots Melted . | . . . . . . . . . . . . . . . . . . . . . . . . . . . . . . . . . . . . . . Combat Hostiles . | . . . . . . . . . . . . . . . . . . . . . . . . . . . . . . . . . . . . . . Parts Melted 11 | 1 . . 1 . . . . . . . . . . . . . . . . . . . . . . . . . . . . . . . . 1 8 Heat Transferred 6896 | 175 1282 535 450 150 . . . . . . . . . . . . . . . . . . . . . . . . . . . . 50 50 . 555 3649 Parts Sabotaged . | . . . . . . . . . . . . . . . . . . . . . . . . . . . . . . . . . . . . . . Parts Stolen . | . . . . . . . . . . . . . . . . . . . . . . . . . . . . . . . . . . . . . . Parts Stripped . | . . . . . . . . . . . . . . . . . . . . . . . . . . . . . . . . . . . . . . Power Chain Reactions 10 | . . . 8 2 . . . . . . . . . . . . . . . . . . . . . . . . . . . . . . . . . Missiles Intercepted . | . . . . . . . . . . . . . . . . . . . . . . . . . . . . . . . . . . . . . . Alert | -11 -10 -10 -9 -9 -9 -8 -8 -8 -8 -8 -8 -8 -6 -6 -6 -6 -6 -6 -6 -5 -5 -5 -5 -4 -4 -4 -4 -4 -4 -3 -3 -2 -2 -2 -2 -1 -1 ------- Run | Scr Mat Min Mat Min Exi Min Mat Gar Mat Sto Gar Rec Fac Gar Fac Ext Cet Arc Hub Fac Gar Fac Gar Fac Was Fac Gar Fac Gar Res Qua Res Tes Sec Gar Acc Com Peak Influence 1221 | 10 498 358 738 309 . 608 722 674 605 325 591 385 973 1161 955 512 588 321 1180 756 928 487 736 464 102 286 730 438 300 327 292 263 266 120 245 901 1221 Initial 973 | . 6 163 121 169 . . 228 414 328 74 131 265 973 681 609 467 248 111 112 504 423 487 328 386 102 71 114 382 35 168 62 30 76 116 90 146 119 Average 374 | 5 337 290 404 188 . 384 515 587 335 161 442 176 973 913 584 253 344 280 757 431 710 314 585 357 102 120 362 102 194 205 152 135 156 50 157 619 634 Maximum Alert Level 4 | . 2 1 3 1 . 2 3 2 2 1 2 1 3 4 3 2 2 1 4 3 3 2 3 2 . 1 3 2 1 1 1 1 1 . 1 3 4 Low Security (%) 29 | 100 10 7 13 67 . 13 . . 19 63 12 60 . . . 47 14 16 8 16 . 19 . . 100 83 28 76 43 37 71 88 83 100 74 5 15 Level 1 29 | . 60 92 30 32 . 37 23 . 49 36 11 39 . . . 21 57 83 5 34 . 50 22 67 . 16 17 12 56 62 28 11 16 . 25 20 16 Level 2 29 | . 28 . 53 . . 49 74 100 30 . 75 . . 8 92 31 27 . 29 40 46 30 65 32 . . 49 11 . . . . . . . 18 20 Level 3 9 | . . . 2 . . . 1 . . . . . 100 77 7 . . . 47 9 53 . 12 . . . 4 . . . . . . . . 56 32 Level 4 1 | . . . . . . . . . . . . . . 14 . . . . 9 . . . . . . . . . . . . . . . . . 13 Level 5 . | . . . . . . . . . . . . . . . . . . . . . . . . . . . . . . . . . . . . . . High Security . | . . . . . . . . . . . . . . . . . . . . . . . . . . . . . . . . . . . . . . Max Security . | . . . . . . . . . . . . . . . . . . . . . . . . . . . . . . . . . . . . . . Squads Dispatched 97 | . 7 . 5 . . . 5 . 5 3 . 1 . . 6 1 . . 13 3 . 2 . 3 . 5 . . . 7 3 1 3 1 . 8 15 Investigation 38 | . 3 . 3 . . . 3 . 5 1 . . . . 4 1 . . 8 . . 1 . 1 . 2 . . . 2 . . 1 . . 2 1 Extermination 17 | . . . . . . . . . . . . . . . 2 . . . . 2 . 1 . . . 2 . . . . 2 1 1 . . 1 5 Reinforcement 25 | . 4 . 1 . . . 2 . . 2 . 1 . . . . . . 2 1 . . . . . 1 . . . 5 1 . 1 1 . 1 2 Assault 14 | . . . 1 . . . . . . . . . . . . . . . 3 . . . . 2 . . . . . . . . . . . 1 7 Garrison . | . . . . . . . . . . . . . . . . . . . . . . . . . . . . . . . . . . . . . . Intercept 3 | . . . . . . . . . . . . . . . . . . . . . . . . . . . . . . . . . . . . 3 . Construction Impeded 1 | . . . . . . . . . . . . 1 . . . . . . . . . . . . . . . . . . . . . . . . . Haulers Reinforced 5 | . . . . . . . . . . . . . . . . . . . 1 . . . . . . 1 . . . 3 . . . . . . . Stealth | -11 -10 -10 -9 -9 -9 -8 -8 -8 -8 -8 -8 -8 -6 -6 -6 -6 -6 -6 -6 -5 -5 -5 -5 -4 -4 -4 -4 -4 -4 -3 -3 -2 -2 -2 -2 -1 -1 --------- Run | Scr Mat Min Mat Min Exi Min Mat Gar Mat Sto Gar Rec Fac Gar Fac Ext Cet Arc Hub Fac Gar Fac Gar Fac Was Fac Gar Fac Gar Res Qua Res Tes Sec Gar Acc Com Distress Signals 33 | . 4 . 7 . . . 3 . 1 1 . . . . 2 2 2 . 2 . 1 1 . . . 1 . . . 5 . . . 1 . . . Communications Jammed 204 | . . . . . . . . . . . . . . . . 16 . . 45 . . 1 . . . 5 . 5 . 17 22 . . 7 . 7 79 Distress Signals 177 | . . . . . . . . . . . . . . . . 16 . . 41 . . 1 . . . 4 . 5 . 17 . . . 7 . 7 79 Times Spotted 849 | . 40 18 54 18 28 40 70 3 28 28 23 24 . 23 19 27 16 3 41 24 34 12 17 15 5 32 16 3 6 19 20 3 11 3 19 17 90 Peak Tracking Total 16 | . 5 3 5 4 7 5 8 3 5 5 8 3 . 6 3 4 5 2 16 6 8 4 7 7 2 3 3 2 2 4 5 1 2 3 9 8 16 Tactical Retreats 86 | . . . . 4 7 4 13 . 2 . 7 . . 7 3 1 . . . 5 7 . 1 3 . 4 2 . . . 3 . . . 4 3 6 Traps | -11 -10 -10 -9 -9 -9 -8 -8 -8 -8 -8 -8 -8 -6 -6 -6 -6 -6 -6 -6 -5 -5 -5 -5 -4 -4 -4 -4 -4 -4 -3 -3 -2 -2 -2 -2 -1 -1 ------- Run | Scr Mat Min Mat Min Exi Min Mat Gar Mat Sto Gar Rec Fac Gar Fac Ext Cet Arc Hub Fac Gar Fac Gar Fac Was Fac Gar Fac Gar Res Qua Res Tes Sec Gar Acc Com Traps Triggered 30 | . . . 3 . . . 2 2 1 . . . . 6 . . . . 2 . 2 2 3 1 . 1 1 . . . . . 1 . 2 1 . Indirectly . | . . . . . . . . . . . . . . . . . . . . . . . . . . . . . . . . . . . . . . Trap Hack Attempts 55 | . . . 55 . . . . . . . . . . . . . . . . . . . . . . . . . . . . . . . . . . Triggered . | . . . . . . . . . . . . . . . . . . . . . . . . . . . . . . . . . . . . . . Disarmed 17 | . . . . . . . . . . 4 . . . . . . . . . . . 13 . . . . . . . . . . . . . . . Reprogrammed 8 | . . . 8 . . . . . . . . . . . . . . . . . . . . . . . . . . . . . . . . . . Reused 2 | . . . . . 2 . . . . . . . . . . . . . . . . . . . . . . . . . . . . . . . . Traps Extracted 4 | . . . 4 . . . . . . . . . . . . . . . . . . . . . . . . . . . . . . . . . . Installed 2 | . . . . . 2 . . . . . . . . . . . . . . . . . . . . . . . . . . . . . . . . Triggered 1 | . . . . . . . 1 . . . . . . . . . . . . . . . . . . . . . . . . . . . . . . Machines | -11 -10 -10 -9 -9 -9 -8 -8 -8 -8 -8 -8 -8 -6 -6 -6 -6 -6 -6 -6 -5 -5 -5 -5 -4 -4 -4 -4 -4 -4 -3 -3 -2 -2 -2 -2 -1 -1 ---------- Run | Scr Mat Min Mat Min Exi Min Mat Gar Mat Sto Gar Rec Fac Gar Fac Ext Cet Arc Hub Fac Gar Fac Gar Fac Was Fac Gar Fac Gar Res Qua Res Tes Sec Gar Acc Com Machines Disabled 81 | . 2 5 6 . 10 1 1 2 1 5 3 6 . 3 . 1 1 2 4 3 . 1 1 . . 1 4 . 1 . 6 . 5 2 . 1 3 Max in Single Turn 2 | . 1 2 2 . 2 1 1 1 1 1 2 1 . 1 . 1 . 1 1 1 . 1 1 . . 1 2 . 1 . 1 . 1 1 . 1 2 Garrison Access 10 | . . . . . . . . . . . . . . . 1 . . . 2 . . . . 1 . 1 . . . 2 1 1 1 . . . . Garrison Relay 7 | . . . . . . . . 2 . . 1 . . 2 . . . . . . . . 1 . . . . . 1 . . . . . . . . Phase Generator 3 | . . . . . . . . . . . 1 . . . . . . . . . . . . . . . 1 . . . . . . . . . 1 Network Hub 4 | . . . . . . . . . . . . . . . . . . . 4 . . . . . . . . . . . . . . . . . . Machines Sabotaged 3 | . . . . . . . . . . . . . . . . . . . 3 . . . . . . . . . . . . . . . . . . Garrisons Compromised . | . . . . . . . . . . . . . . . . . . . . . . . . . . . . . . . . . . . . . . Overloaded Fab Kills . | . . . . . . . . . . . . . . . . . . . . . . . . . . . . . . . . . . . . . . Fab Network Shutdowns 4 | . . . . . . . . . . . . . . . 1 . . . . 1 . 1 . . . . . . . . . . . . . 1 . Hacking | -11 -10 -10 -9 -9 -9 -8 -8 -8 -8 -8 -8 -8 -6 -6 -6 -6 -6 -6 -6 -5 -5 -5 -5 -4 -4 -4 -4 -4 -4 -3 -3 -2 -2 -2 -2 -1 -1 --------- Run | Scr Mat Min Mat Min Exi Min Mat Gar Mat Sto Gar Rec Fac Gar Fac Ext Cet Arc Hub Fac Gar Fac Gar Fac Was Fac Gar Fac Gar Res Qua Res Tes Sec Gar Acc Com Machines Accessed 233 | . 7 . 13 . 2 . 14 . 9 12 . 11 1 . 15 16 2 1 14 8 . 17 . 10 . 18 . 4 . 11 14 5 9 4 . 9 7 Terminals 148 | . 4 . 9 . . . 8 . 6 10 . 6 . . 6 15 2 . 12 2 . 8 . 7 . 11 . 2 . 6 12 3 6 2 . 6 5 Fabricators 13 | . . . . . . . . . . . . . . . 3 . . . . 2 . 2 . . . 3 . . . 1 . . 1 . . 1 . Repair Stations 14 | . 1 . . . . . 1 . 1 . . . . . 2 . . . . 2 . 1 . . . 1 . . . 1 . . . . . 2 2 Recycling Units 19 | . 2 . 2 . . . 2 . 2 1 . 5 . . . 1 . . . 1 . 2 . . . . . 1 . . . . . . . . . Scanalyzers 15 | . . . 2 . . . 2 . . . . . . . 3 . . . . . . 2 . . . 1 . . . 1 1 1 1 1 . . . Garrison Access 21 | . . . . . . . 1 . . 1 . . 1 . 1 . . . 2 1 . 2 . 3 . 2 . 1 . 2 1 1 1 1 . . . Total Hacks 1280 | . 26 . 68 . 2 . 85 . 47 61 . 53 1 . 67 66 9 9 81 38 . 106 . 70 . 147 . 34 . 52 62 20 56 43 . 56 21 Successful 763 | . 20 . 49 . 2 . 55 . 29 50 . 39 1 . 45 52 7 9 41 27 . 69 . 28 . 80 . 17 . 23 30 10 30 21 . 18 11 Failed 515 | . 5 . 19 . . . 30 . 18 10 . 14 . . 22 14 2 . 40 11 . 37 . 42 . 67 . 17 . 29 32 10 26 22 . 38 10 Catastrophic 86 | . . . 1 . . . 9 . 3 1 . 1 . . 1 2 1 . 6 1 . 7 . 9 . 9 . 4 . 4 6 1 7 . . 12 1 Database Lockouts 2 | . 1 . . . . . . . . 1 . . . . . . . . . . . . . . . . . . . . . . . . . . . Manual 669 | . 19 . 41 . 1 . 48 . 34 42 . 38 . . 23 42 8 . 49 16 . 45 . 36 . 70 . 26 . 11 27 4 31 14 . 30 14 Terminals 971 | . 20 . 50 . . . 55 . 41 57 . 42 . . 32 65 9 . 74 20 . 67 . 55 . 118 . 32 . 39 58 16 46 17 . 41 17 Fabricators 58 | . . . . . . . . . . . . . . . 12 . . . . 10 . 6 . . . 12 . . . 5 . . 4 . . 9 . Repair Stations 38 | . 2 . . . . . 2 . 1 . . . . . 8 . . . . 3 . 4 . . . 4 . . . 4 . . . . . 6 4 Recycling Units 38 | . 4 . 4 . . . 7 . 5 1 . 11 . . . 1 . . . 1 . 3 . . . . . 1 . . . . . . . . . Scanalyzers 99 | . . . 14 . . . 18 . . . . . . . 13 . . . . . . 17 . . . 6 . . . 2 3 3 5 18 . . . Garrison Access 65 | . . . . . . . 3 . . 3 . . 1 . 2 . . . 7 4 . 9 . 15 . 7 . 1 . 2 1 1 1 8 . . . Terminal Hacks 314 | . 8 . 20 . 2 . 17 . 15 26 . 17 . . 10 26 4 9 17 7 . 21 . 9 . 35 . 11 . 11 13 5 14 4 . 11 2 Record 12 | . . . . . 1 . . . . . . . . . . . . 9 . . . . . . . . . . . . 2 . . . . . . Part Schematic 29 | . . . 1 . . . . . 2 3 . 2 . . 2 4 . . 1 . . . . 1 . 9 . 2 . . . . 2 . . . . Robot Schematic 3 | . 2 . . . . . . . . . . . . . . 1 . . . . . . . . . . . . . . . . . . . . . Robot Analysis 34 | . 3 . 5 . . . 1 . 1 2 . . . . . 5 . . 2 1 . 4 . . . . . 1 . 2 5 1 1 . . . . Prototype ID Bank 19 | . 2 . 3 . . . 1 . . 2 . 2 . . 2 . . . . . . 2 . 1 . 2 . . . . . . 2 . . . . Open Door 13 | . . . . . . . . . . . . . . . . 7 1 . . . . . . . . . . . . 1 1 . . . . 3 . Level Access Points 5 | . . . . . . . . . . 1 . . . . . . . . . . . . . . . 1 . . . . 1 . 1 . . 1 . Branch Access Points 8 | . . . 1 . . . . . 1 . . 2 . . 1 1 . . . 1 . . . . . . . . . 1 . . . . . . . Machine Index 3 | . . . . . . . . . 1 . . . . . . . . . . . . . . 1 . 1 . . . . . . . . . . . Terminal Index 19 | . . . 1 . . . 1 . 1 1 . 1 . . 1 1 . . 2 . . 2 . 2 . 1 . 1 . 1 1 . 1 1 . . . Fabricator Index 5 | . . . . . . . . . . 1 . 1 . . . . . . . . . 1 . . . 2 . . . . . . . . . . . Repair Station Index 4 | . . . . . . . . . . 1 . . . . . . . . . . . . . . . . . . . . . 1 . . . 1 1 Recycling Unit Index 2 | . . . . . . . . . . . . . . . . 1 . . . . . . . . . 1 . . . . . . . . . . . Scanalyzer Index 4 | . . . . . . . 1 . 1 . . . . . . . . . . . . . . . . . . . . . . . 1 1 . . . Garrison Index 10 | . . . . . . . 1 . 1 . . . . . 1 . . . 1 . . . . . . 1 . 1 . 1 . . 1 1 . 1 . Alert Level 1 | . . . . . . . 1 . . . . . . . . . . . . . . . . . . . . . . . . . . . . . . Unreport Threat 56 | . . . 3 . . . 4 . 5 5 . 4 . . . 3 3 . 3 3 . 4 . 1 . 5 . 3 . 2 1 1 1 1 . 4 . Locate Traps 24 | . . . 3 . . . 1 . . 4 . . . . 1 . . . 3 1 . 3 . . . 4 . 1 . . 1 1 . . . . 1 Disarm Traps 4 | . . . . . . . . . . 1 . . . . . . . . . . . 3 . . . . . . . . . . . . . . . Patrol Status 2 | . . . . . . . . . . 1 . . . . . . . . . . . . . . . . . 1 . . . . . . . . . Recall Investigation 4 | . . . . . . . . . 1 . . . . . . 1 . . 1 . . . . . . . . . . . . . 1 . . . . Recall Extermination 4 | . . . . . . . . . . . . . . . . . . . . . . . . . . 2 . . . . 1 . 1 . . . . Recall Reinforcements 4 | . . . . . . . 1 . . . . . . . . . . . 1 . . . . . . . . . . 1 . . 1 . . . . Recall Assault 1 | . . . . . . . . . . . . . . . . . . . 1 . . . . . . . . . . . . . . . . . . Hauler Manifests 8 | . 1 . 1 . . . 1 . . 2 . . . . 1 . . . 1 . . . . . . . . 1 . . . . . . . . . Registered Components 4 | . . . 1 . . . 1 . . . . 1 . . . . . . . . . . . . . 1 . . . . . . . . . . . Registered Prototypes 3 | . . . . . . . . . 1 . . 1 . . . . . . . . . . . 1 . . . . . . . . . . . . . Zone Layout 28 | . . . 1 . . . 3 . . 2 . 3 . . 1 2 . . 1 1 . 2 . 2 . 5 . . . 2 . 1 1 . . 1 . EX-Prototype ID Bank 1 | . . . . . 1 . . . . . . . . . . . . . . . . . . . . . . . . . . . . . . . . Fabricator Hacks 29 | . . . . . . . . . . . . . . . 7 . . . . 7 . 4 . . . 7 . . . 2 . . . . . 2 . Load Schematic 12 | . . . . . . . . . . . . . . . 3 . . . . 2 . 2 . . . 3 . . . 1 . . . . . 1 . Build 17 | . . . . . . . . . . . . . . . 4 . . . . 5 . 2 . . . 4 . . . 1 . . . . . 1 . Repair Station Hacks 17 | . 2 . . . . . 2 . . . . . . . 3 . . . . 2 . 2 . . . 2 . . . 2 . . . . . . 2 Scan Component 9 | . 1 . . . . . 1 . . . . . . . 2 . . . . 1 . 1 . . . 1 . . . 1 . . . . . . 1 Repair 8 | . 1 . . . . . 1 . . . . . . . 1 . . . . 1 . 1 . . . 1 . . . 1 . . . . . . 1 Recycling Unit Hacks 21 | . 2 . 2 . . . 2 . 2 1 . 6 . . . 1 . . . 1 . 3 . . . . . 1 . . . . . . . . . Process 1 | . . . . . . . . . . . . . . . . . . . . . . 1 . . . . . . . . . . . . . . . Report Inventory 20 | . 2 . 2 . . . 2 . 2 1 . 6 . . . 1 . . . 1 . 2 . . . . . 1 . . . . . . . . . Scanalyzer 83 | . . . 14 . . . 18 . . . . . . . 11 . . . . . . 16 . . . 6 . . . 2 1 2 4 9 . . . Insert Component 33 | . . . 7 . . . 5 . . . . . . . 6 . . . . . . 5 . . . 2 . . . 1 1 1 2 3 . . . Analyze 50 | . . . 7 . . . 13 . . . . . . . 5 . . . . . . 11 . . . 4 . . . 1 . 1 2 6 . . . Garrison Access Hacks 23 | . . . . . . . 1 . . 1 . . 1 . 2 . . . 3 1 . 2 . 3 . 2 . 1 . 2 1 1 1 1 . . . Unlock Access 14 | . . . . . . . 1 . . 1 . . 1 . 1 . . . 2 1 . 2 . 2 . 1 . 1 . . . . . 1 . . . Seal Access 8 | . . . . . . . . . . . . . . . 1 . . . . . . . . 1 . 1 . . . 2 1 1 1 . . . . Coupler Status 1 | . . . . . . . . . . . . . . . . . . . 1 . . . . . . . . . . . . . . . . . . Unauthorized Hacks 276 | . 8 . 13 . . . 15 . 12 22 . 16 . . 12 25 3 . 21 9 . 21 . 16 . 28 . 4 . 4 15 2 11 7 . 5 7 Terminals 219 | . 6 . 11 . . . 13 . 9 20 . 12 . . 10 25 3 . 18 4 . 13 . 10 . 22 . 4 . 4 14 2 8 4 . 2 5 Track 89 | . 2 . 5 . . . 6 . 4 9 . 5 . . 3 10 1 . 6 1 . 6 . 4 . 9 . 1 . 1 7 1 3 1 . 1 3 Assimilate 17 | . 1 . 2 . . . . . . 1 . 1 . . 2 . . . 1 1 . . . 1 . 3 . 1 . . 1 . 2 . . . . Botnet 91 | . 2 . 3 . . . 6 . 4 7 . 6 . . 4 14 2 . 7 2 . 6 . 4 . 8 . 1 . 2 5 1 2 2 . 1 2 Disrupt 3 | . . . . . . . . . . 1 . . . . . . . . . . . . . . . 1 . . . . 1 . . . . . . Operators 15 | . 1 . 1 . . . 1 . 1 2 . . . . 1 1 . . . . . 1 . 1 . 1 . 1 . 1 . . 1 1 . . . Sabotage 4 | . . . . . . . . . . . . . . . . . . . 4 . . . . . . . . . . . . . . . . . . Fabricators 11 | . . . . . . . . . . . . . . . 2 . . . . 1 . 2 . . . 3 . . . . . . 2 . . 1 . Report 10 | . . . . . . . . . . . . . . . 2 . . . . 1 . 2 . . . 3 . . . . . . 1 . . 1 . Siphon 1 | . . . . . . . . . . . . . . . . . . . . . . . . . . . . . . . . . 1 . . . . Repair Stations 6 | . . . . . . . . . 1 . . . . . . . . . . 1 . . . . . . . . . . . . . . . 2 2 Mechanics 6 | . . . . . . . . . 1 . . . . . . . . . . 1 . . . . . . . . . . . . . . . 2 2 Recycling Units 11 | . 2 . 2 . . . 1 . 2 . . 4 . . . . . . . . . . . . . . . . . . . . . . . . . Tunnel 11 | . 2 . 2 . . . 1 . 2 . . 4 . . . . . . . . . . . . . . . . . . . . . . . . . Scanalyzers 2 | . . . . . . . . . . . . . . . . . . . . . . . . . . . . . . . 1 . 1 . . . . Researchers 2 | . . . . . . . . . . . . . . . . . . . . . . . . . . . . . . . 1 . 1 . . . . Garrison Access 27 | . . . . . . . 1 . . 2 . . . . . . . . 3 3 . 6 . 6 . 3 . . . . . . . 3 . . . Broadcast 8 | . . . . . . . . . . 1 . . . . . . . . 1 1 . 2 . 2 . 1 . . . . . . . . . . . Decoy 2 | . . . . . . . . . . . . . . . . . . . . . . . . 1 . . . . . . . . . 1 . . . Reprogram 12 | . . . . . . . 1 . . 1 . . . . . . . . 2 1 . 2 . 2 . 2 . . . . . . . 1 . . . Intercept 1 | . . . . . . . . . . . . . . . . . . . . . . 1 . . . . . . . . . . . . . . . Watchers 4 | . . . . . . . . . . . . . . . . . . . . 1 . 1 . 1 . . . . . . . . . 1 . . . Data Cores Recovered 3 | . . . . . . . . . 1 . . . . . . . . . . . . . . . . 1 . . . . . . . . . . 1 Used 2 | . . . . . . . . . 1 . . . . . . . . . . . . . . . . . . . . . . . . . . . 1 Hacking Detections 144 | . 5 . 9 . . . 11 . 6 6 . 5 . . 11 8 1 . 11 3 . 10 . 7 . 10 . 1 . 7 11 3 5 2 . 7 5 Full Trace Events 32 | . 2 . 3 . . . 5 . 2 1 . 1 . . 4 1 . . 4 . . 1 . 1 . 2 . . . 1 . . 1 . . 2 1 Feedback Events 5 | . . . . . . . . . . . . . . . . 1 . . 1 . . . . . . 1 . . . . . . 1 . . . 1 Corruption 3 | . . . . . . . . . . . . . . . . . . . . . . . . . . 1 . . . . . . 1 . . . 1 Hackware Fried 2 | . . . . . . . . . . . . . . . . 1 . . 1 . . . . . . . . . . . . . . . . . . Feedback Blocked . | . . . . . . . . . . . . . . . . . . . . . . . . . . . . . . . . . . . . . . Robot Schematics Acquired 3 | . 2 . . . . . . . . . . . . . . 1 . . . . . . . . . . . . . . . . . . . . . Robots Built . | . . . . . . . . . . . . . . . . . . . . . . . . . . . . . . . . . . . . . . Matter . | . . . . . . . . . . . . . . . . . . . . . . . . . . . . . . . . . . . . . . Time . | . . . . . . . . . . . . . . . . . . . . . . . . . . . . . . . . . . . . . . Total Robot Build Rating . | . . . . . . . . . . . . . . . . . . . . . . . . . . . . . . . . . . . . . . Part Schematics Acquired 58 | . . . 8 . . . 5 . 2 3 . 2 . . 7 4 . . 1 . . 5 . 1 . 11 . 2 . 1 . 1 4 1 . . . Parts Built 12 | . . . . . . . . . . . . . . . 4 . . . . 2 . 1 . . . 3 . . . 1 . . . . . 1 . Matter 3743 | . . . . . . . . . . . . . . . 731 . . . . 855 . 570 . . . 892 . . . 278 . . . . . 417 . Time 1331 | . . . . . . . . . . . . . . . 230 . . . . 456 . 228 . . . 297 . . . 46 . . . . . 74 . Total Part Build Rating 74 | . . . . . . . . . . . . . . . 21 . . . . 10 . 5 . . . 20 . . . 9 . . . . . 9 . Parts Repaired 8 | . 1 . . . . . 1 . . . . . . . 1 . . . . 1 . 1 . . . 1 . . . 1 . . . . . . 1 Time 454 | . 26 . . . . . 95 . . . . . . . 35 . . . . 95 . 99 . . . 43 . . . 39 . . . . . . 22 Parts Recycled . | . . . . . . . . . . . . . . . . . . . . . . . . . . . . . . . . . . . . . . Recycled Matter 127 | . . . . . . . . . . . . . . . . . . . . . . 127 . . . . . . . . . . . . . . . Retrieved Matter . | . . . . . . . . . . . . . . . . . . . . . . . . . . . . . . . . . . . . . . Retrieved Components . | . . . . . . . . . . . . . . . . . . . . . . . . . . . . . . . . . . . . . . Parts Scanalyzed 30 | . . . 7 . . . 5 . . . . . . . 6 . . . . . . 5 . . . 2 . . . 1 . 1 2 1 . . . Part Schematics Acquired 29 | . . . 7 . . . 5 . . . . . . . 5 . . . . . . 5 . . . 2 . . . 1 . 1 2 1 . . . Parts Damaged 4 | . . . . . . . 1 . . . . . . . 1 . . . . . . . . . . 1 . . . 1 . . . . . . . Bothacking | -11 -10 -10 -9 -9 -9 -8 -8 -8 -8 -8 -8 -8 -6 -6 -6 -6 -6 -6 -6 -5 -5 -5 -5 -4 -4 -4 -4 -4 -4 -3 -3 -2 -2 -2 -2 -1 -1 ------------ Run | Scr Mat Min Mat Min Exi Min Mat Gar Mat Sto Gar Rec Fac Gar Fac Ext Cet Arc Hub Fac Gar Fac Gar Fac Was Fac Gar Fac Gar Res Qua Res Tes Sec Gar Acc Com Used RIF Installer 8 | . . . . . . . . 1 . . 1 . . 1 . . . . . . 1 . 1 . . . 1 . 1 . . . . . 1 . . Coupler Efficiency 1 | . . . . . . . . . . . . . . 1 . . . . . . . . . . . . . . . . . . . . . . . Command Fork 2 | . . . . . . . . . . . 1 . . . . . . . . . . . 1 . . . . . . . . . . . . . . Signal Jammer 1 | . . . . . . . . . . . . . . . . . . . . . . . . . . . . . . . . . . . 1 . . Patrol Navigation 1 | . . . . . . . . . . . . . . . . . . . . . 1 . . . . . . . . . . . . . . . . Program Shield 1 | . . . . . . . . . . . . . . . . . . . . . . . . . . . . . 1 . . . . . . . . Autoassimilate 1 | . . . . . . . . . . . . . . . . . . . . . . . . . . . 1 . . . . . . . . . . Robots Hacked 3 | . . . . . . . . . . . . . . . . . . 2 . . . . . . . . . . . . . . . . . . 1 Non-combat 2 | . . . . . . . . . . . . . . . . . . 1 . . . . . . . . . . . . . . . . . . 1 Combat 1 | . . . . . . . . . . . . . . . . . . 1 . . . . . . . . . . . . . . . . . . . Robot Hacks Applied 4 | . . . . . . . . . . . . . . . . . . 3 . . . . . . . . . . . . . . . . . . 1 parse_system 2 | . . . . . . . . . . . . . . . . . . 2 . . . . . . . . . . . . . . . . . . . check_alert 1 | . . . . . . . . . . . . . . . . . . 1 . . . . . . . . . . . . . . . . . . . formatsys_low 1 | . . . . . . . . . . . . . . . . . . . . . . . . . . . . . . . . . . . . . 1 Relay Couplers Released 16 | . . . . . . . . 4 . . 2 . . 3 . . . . . . . . 3 2 . . . . 2 . . . . . . . . Machine Destruction 13 | . . . . . . . . 4 . . 2 . . 3 . . . . . . . . 2 . . . . . 2 . . . . . . . . Programmers 3 | . . . . . . . . . . . . . . . . . . . . . . . 1 2 . . . . . . . . . . . . . Attached 2 | . . . . . . . . . . . . . . . . . . . . . . . . 1 . . . . 1 . . . . . . . . Robots Rewired 3 | . . . . . . . . . . . . . . . . 3 . . . . . . . . . . . . . . . . . . . . . Allies Hacked 2 | . . . . . . . . . . . . . . . . . . . . . . . 1 . . . 1 . . . . . . . . . . Hacks Repelled . | . . . . . . . . . . . . . . . . . . . . . . . . . . . . . . . . . . . . . . Allies | -11 -10 -10 -9 -9 -9 -8 -8 -8 -8 -8 -8 -8 -6 -6 -6 -6 -6 -6 -6 -5 -5 -5 -5 -4 -4 -4 -4 -4 -4 -3 -3 -2 -2 -2 -2 -1 -1 -------- Run | Scr Mat Min Mat Min Exi Min Mat Gar Mat Sto Gar Rec Fac Gar Fac Ext Cet Arc Hub Fac Gar Fac Gar Fac Was Fac Gar Fac Gar Res Qua Res Tes Sec Gar Acc Com Total Allies 42 | . 1 . 1 . . . . . . 2 . . . . 2 12 5 . 3 1 . 1 1 1 . 6 . 1 . . 1 . 2 . . . 2 Largest Group 8 | . 1 1 1 . . . . . . 2 1 . . . 2 7 8 8 5 1 . 1 2 1 . 5 4 1 . . 1 1 2 . . . 2 Highest-Rated Group 659 | . 10 10 10 . . . . . . 109 10 . . . 36 280 659 659 470 26 . 90 119 90 . 214 128 44 . . 26 26 36 . . . 26 Highest-Rated Ally 156 | . 10 10 10 . . . . . . 99 10 . . . 26 156 156 149 94 26 . 90 90 90 . 47 47 44 . . 26 26 26 . . . 20 Total Orders 4 | . . . . . . . . . . 2 . . . . . . . . . . . . . . . . . . . . . 1 . . . . 1 STAY 2 | . . . . . . . . . . 1 . . . . . . . . . . . . . . . . . . . . . 1 . . . . . FOLLOW 1 | . . . . . . . . . . 1 . . . . . . . . . . . . . . . . . . . . . . . . . . . AID 1 | . . . . . . . . . . . . . . . . . . . . . . . . . . . . . . . . . . . . . 1 Ally Attacks 220 | . . . . . . . . . . 13 . . . . . 43 33 8 69 . . . 4 1 . 9 40 . . . . . . . . . . Total Damage 6915 | . . . . . . . . . . 549 . . . . . 935 1376 322 2640 . . . 161 25 . 101 806 . . . . . . . . . . Kills 45 | . . . . . . . . . . 5 . . . . . 13 7 2 9 . . . 2 1 . 1 5 . . . . . . . . . . Allies Corrupted 1 | . . . . . . . . . . . . . . . . . . . 1 . . . . . . . . . . . . . . . . . . Allies Melted . | . . . . . . . . . . . . . . . . . . . . . . . . . . . . . . . . . . . . . . Intel | -11 -10 -10 -9 -9 -9 -8 -8 -8 -8 -8 -8 -8 -6 -6 -6 -6 -6 -6 -6 -5 -5 -5 -5 -4 -4 -4 -4 -4 -4 -3 -3 -2 -2 -2 -2 -1 -1 ------- Run | Scr Mat Min Mat Min Exi Min Mat Gar Mat Sto Gar Rec Fac Gar Fac Ext Cet Arc Hub Fac Gar Fac Gar Fac Was Fac Gar Fac Gar Res Qua Res Tes Sec Gar Acc Com Robot Analysis Total 34 | . 3 . 5 . . . 1 . 1 2 . . . . . 5 . . 2 1 . 4 . . . . . 1 . 2 5 1 1 . . . . Derelict Logs Recovered 3 | . . 1 . 2 . . . . . . . . . . . . . . . . . . . . . . . . . . . . . . . . . Drone Launches . | . . . . . . . . . . . . . . . . . . . . . . . . . . . . . . . . . . . . . . Drone Recoveries . | . . . . . . . . . . . . . . . . . . . . . . . . . . . . . . . . . . . . . . Exploration | -11 -10 -10 -9 -9 -9 -8 -8 -8 -8 -8 -8 -8 -6 -6 -6 -6 -6 -6 -6 -5 -5 -5 -5 -4 -4 -4 -4 -4 -4 -3 -3 -2 -2 -2 -2 -1 -1 ------------- Run | Scr Mat Min Mat Min Exi Min Mat Gar Mat Sto Gar Rec Fac Gar Fac Ext Cet Arc Hub Fac Gar Fac Gar Fac Was Fac Gar Fac Gar Res Qua Res Tes Sec Gar Acc Com Turns Passed 26238 | 116 1368 1009 2477 1179 1485 526 1293 195 433 771 416 581 29 510 1371 989 266 140 438 809 774 530 271 537 113 1397 343 372 416 523 882 345 677 102 181 548 1826 Spaces Moved 23597 | 55 670 556 1210 599 814 531 983 225 438 786 404 820 56 438 1211 1049 243 159 673 857 537 859 299 1122 140 1887 378 423 190 765 978 326 887 226 201 796 806 Core 3 | 2 . . . . . . . . . . . . . . . . . . . . . . . 1 . . . . . . . . . . . . . Treads 4640 | 53 670 556 1210 599 604 . . . . . . . . . . . . . . . . . . . . . . . . . . . . . . 142 806 Legs . | . . . . . . . . . . . . . . . . . . . . . . . . . . . . . . . . . . . . . . Wheels . | . . . . . . . . . . . . . . . . . . . . . . . . . . . . . . . . . . . . . . Hover 9839 | . . . . . 210 531 983 225 438 786 404 820 56 438 1211 1049 243 159 673 825 537 251 . . . . . . . . . . . . . . . Flight 9115 | . . . . . . . . . . . . . . . . . . . . 32 . 608 299 1121 140 1887 378 423 190 765 978 326 887 226 201 654 . Fastest Speed 16 | 50 160 160 160 160 66 66 66 66 66 52 52 52 52 52 45 48 48 48 38 38 38 31 31 31 31 31 31 31 31 31 34 37 23 23 16 16 157 Average Speed 68 | 156 160 160 160 164 144 66 70 66 66 63 52 52 52 52 58 51 48 48 41 43 88 35 31 31 31 31 37 31 31 33 39 37 28 23 20 54 165 Slowest Speed 300 | 160 160 160 180 180 260 66 220 66 66 121 52 52 52 52 108 52 48 48 95 300 96 167 31 150 31 31 96 31 31 34 104 120 120 23 80 190 190 Overloaded Moves 936 | . . . . . . . . . . . . . . . 160 . . . . 104 68 225 . . . . . . . . . . . . 84 295 . Propulsion Burnouts 1 | . . . . . . . . . . . . . . . . . . . . . . . . . . . . . . . . . . . . 1 . Robots Hopped 15 | . . . . . . . . . . . . . . . . . . . . . . . . . . . . . . 3 2 . 2 . 2 6 . Cave-ins Triggered 1 | . . . . . . . . . . . . . . . . . . . . 1 . . . . . . . . . . . . . . . . . Exploration Rate (%) 57 | 6 99 96 89 93 90 97 73 45 37 86 89 98 2 62 27 96 75 75 80 18 64 28 50 32 88 43 66 14 49 29 82 11 87 17 44 28 37 Regions Visited 37 Branch Regions 14 Pre-discovered Areas 13 | . 2 1 2 . 1 . 1 . 2 . . 4 . . . . . . . . . . . . . . . . . . . . . . . . . Known Exits Taken 22 | . . . 1 . . 1 1 . 1 1 . 1 1 . 1 1 1 1 1 1 . 1 . . . 1 . 1 . 1 1 1 1 1 . 1 . Unknown Exits Taken 5 | 1 1 1 . 1 1 . . . . . . . . . . . . . . . . . . . . . . . . . . . . . . . . Scrap Searched 6 | . . 3 . 2 . 1 . . . . . . . . . . . . . . . . . . . . . . . . . . . . . . . Spaces Dug 86 | . . . . . . . 5 . . 6 . . . . 9 . . . 1 7 . 7 . 3 . 12 . 4 . 1 8 . 7 . . 3 13 Terrain Destroyed 895 | . 43 40 32 60 24 32 40 . 14 49 86 32 . 8 13 3 1 3 7 11 23 11 1 3 1 19 147 4 5 5 52 2 14 . 7 5 98 Melee 71 | . . . . . . . 3 . . 6 . . . . 9 . . . 1 7 . 7 . 3 . 12 . 4 . 1 8 . 7 . . 3 . Projectile 311 | . . . . . 8 32 37 . 14 12 12 32 . 8 4 3 1 3 6 4 23 4 1 . 1 7 4 . 5 4 44 2 7 . 7 2 24 AOE 513 | . 43 40 32 60 16 . . . . 31 74 . . . . . . . . . . . . . . . 143 . . . . . . . . . 74 Terrain Rammed . | . . . . . . . . . . . . . . . . . . . . . . . . . . . . . . . . . . . . . . Walls Destroyed . | . . . . . . . . . . . . . . . . . . . . . . . . . . . . . . . . . . . . . . Machines Disabled . | . . . . . . . . . . . . . . . . . . . . . . . . . . . . . . . . . . . . . . Actions | -11 -10 -10 -9 -9 -9 -8 -8 -8 -8 -8 -8 -8 -6 -6 -6 -6 -6 -6 -6 -5 -5 -5 -5 -4 -4 -4 -4 -4 -4 -3 -3 -2 -2 -2 -2 -1 -1 --------- Run | Scr Mat Min Mat Min Exi Min Mat Gar Mat Sto Gar Rec Fac Gar Fac Ext Cet Arc Hub Fac Gar Fac Gar Fac Was Fac Gar Fac Gar Res Qua Res Tes Sec Gar Acc Com Total 31424 | 69 858 616 1568 708 1007 650 1448 264 533 983 560 908 55 658 1824 1439 356 208 777 1215 731 1035 440 1295 192 2530 532 650 503 1009 1406 522 1251 265 309 877 1173 Wait 4278 | . 73 20 95 31 64 25 258 2 35 86 93 38 . 38 529 252 65 17 40 245 1 105 34 141 28 426 74 219 250 207 313 133 198 23 33 20 67 Move 23524 | 54 669 555 1209 598 813 530 982 223 437 785 402 819 55 436 1210 1048 242 158 672 856 535 858 297 1122 139 1886 376 422 188 758 973 325 882 225 196 783 806 Hop 14 | . . . . . . . . . . . . . . . . . . . . . . . . . . . . . . 3 2 . 2 . 1 6 . Pick Up 150 | 1 5 . 8 1 12 1 9 2 3 4 . . . 6 7 12 . . 2 8 4 3 4 3 2 7 2 . 3 2 8 1 20 1 3 3 3 Fast Attach 168 | 7 7 2 20 2 12 3 7 . . 11 . . . . 14 3 2 3 2 3 . 6 . . 2 . . . 1 3 10 8 23 4 . 5 8 Attach 39 | . 2 . 2 . 1 . 5 . . 1 . . . 1 1 2 . . 1 2 . 2 . 1 . . 1 . . . 6 2 7 1 1 . . Detach 15 | . 1 . . . . . 4 . . . . . . . 2 . . 1 . . . 1 . . . . . . . . 1 1 2 . . 2 . Swap 130 | . 8 6 13 6 4 . 9 . . . . . . . 2 3 . 2 1 6 1 7 . . 1 7 3 1 2 1 7 5 10 3 . 9 13 Drop 279 | . 10 . 25 3 25 3 15 2 3 14 . . . 4 20 12 2 4 3 9 3 9 4 4 3 7 1 . 4 5 19 8 35 3 2 8 10 Fire 1202 | 7 62 31 92 43 74 49 74 1 33 33 28 44 . 41 11 30 16 9 22 35 75 16 29 5 15 18 36 . 29 9 12 5 12 2 19 20 165 Melee 407 | . . . . . . . 28 4 7 21 9 7 . 8 24 15 10 5 17 15 8 19 1 8 . 98 . 8 5 7 38 10 25 3 4 3 . Ram 1 | . . . . . . . . . . . . . . . . 1 . . . . . . . . . . . . . . . . . . . . . Kick . | . . . . . . . . . . . . . . . . . . . . . . . . . . . . . . . . . . . . . . Crush 5 | . . . . . . . . . . . . . . . . . . . . . . . . . . . . . . . . . . . . 1 4 Escape Stasis 257 | . . . . . . . . 26 . . . . . 78 . . . . . . 26 . 54 . . 18 18 . . . . . . . 37 . . Rewire 28 | . . . . 3 . . . . . . . . . . . 25 . . . . . . . . . . . . . . . . . . . . . Trap 57 | . . . 55 . 2 . . . . . . . . . . . . . . . . . . . . . . . . . . . . . . . . Miscellaneous 870 | . 21 2 49 21 . 39 57 4 15 28 28 . . 46 4 36 19 9 17 36 78 9 17 11 2 63 21 . 21 14 17 24 35 . 13 17 97 Route ------- -11/Scrapyard -10/Materials (discovered 5 exits: *Mat x3 / [*Min x2]) -10/Mines (discovered 2 exits: *Mat x2) -9/Materials (discovered 5 exits: *Mat x3 / *Min x2) -9/Mines (discovered 3 exits: *Mat x2 / *Exi) -9/Exiles (discovered 2 exits: [*Min x2]) -8/Mines (discovered 2 exits: *Mat x2) -8/Materials (discovered 5 exits: *Fac x3 / *Sto / Gar) -8/Garrison -8/Materials (discovered 2 exits: *Fac / *Sto) -8/Storage (discovered 3 exits: *Fac / *Rec / Gar) -8/Garrison (discovered 3 exits: *Rec x3) -8/Recycling -6/Factory -6/Garrison (discovered 2 exits: *Fac x2) -6/Factory (discovered 5 exits: *Fac / Low x2 / *Ext x2) -6/Extension (discovered 2 exits: *Fac / *Cet) -6/Cetus (discovered 2 exits: *Fac / *Arc) -6/Archives (discovered 3 exits: *Fac / *Hub x2) -6/Hub_04(d) (discovered 4 exits: *Fac x4) -5/Factory (discovered 3 exits: Upp x2 / Gar) -5/Garrison (discovered 2 exits: *Fac x2) -5/Factory (discovered 4 exits: *Fac x2 / Gar / Gar) -5/Garrison (discovered 2 exits: *Fac x2) -4/Factory (discovered 4 exits: *Res / *Upp / Gar / Gar) -4/Waste -4/Factory (discovered 7 exits: *Res x4 / *Upp x2 / Gar) -4/Garrison (discovered 2 exits: *Fac x2) -4/Factory (discovered 2 exits: *Upp / Gar) -4/Garrison (discovered 2 exits: *Res x2) -3/Research (discovered 3 exits: Res / *Qua x2) -3/Quarantine -2/Research (discovered 2 exits: *Acc / *Tes) -2/Testing (discovered 2 exits: *Acc / *Sec) -2/Section 7 -2/Garrison (discovered 2 exits: *Acc x2) -1/Access (discovered 2 exits: Sur / *Com) -1/Command History --------- Turn | Location | Event 2 | -11/Scrapyard | Upgraded with Propulsion slot (x1) 2 | -11/Scrapyard | Upgraded with Utility slot (x1) 2 | -11/Scrapyard | Upgraded with Weapon slot (x1) 15 | -11/Scrapyard | Discovered new exit (range 15) 117 | -11/Scrapyard | Entered Materials 156 | -10/Materials | Discovered new exit (range 16) 300 | -10/Materials | Discovered new exit (range 16) 314 | -10/Materials | Build established: Mutant 399 | -10/Materials | Discovered new exit (range 14) 523 | -10/Materials | Reached level 2 531 | -10/Materials | Upgraded with Utility slot (x1) 531 | -10/Materials | Upgraded with Weapon slot (x1) 660 | -10/Materials | Discovered new exit (range 8) 856 | -10/Materials | Discovered new exit (range 15) 965 | -10/Materials | Build established: Skirmisher 1034 | -10/Materials | Reached level 3 1143 | -10/Materials | Repaired Lgt. Armor Plating 1146 | -10/Materials | Upgraded with Utility slot (x1) 1280 | -10/Materials | Central database locked down 1439 | -10/Materials | Build established: Hacker-Skirmisher 1485 | -10/Materials | Entered Mines 1485 | -10/Mines | Accompanied by 1 ally 1558 | -10/Mines | Reached level 4 1560 | -10/Mines | Discovered new exit (range 13) 1564 | -10/Mines | Upgraded with Utility slot (x1) 1850 | -10/Mines | Build established: Hacker-Mutant 1902 | -10/Mines | Discovered new exit (range 11) 2092 | -10/Mines | Core integrity fell below 50% 2093 | -10/Mines | Reached level 5 2101 | -10/Mines | Upgraded with Utility slot (x1) 2133 | -10/Mines | Learned location of 1 exit from Materials 2203 | -10/Mines | Build established: Hacker-Skirmisher 2494 | -10/Mines | Entered Materials 2495 | -9/Materials | Identified exit to Materials 2495 | -9/Materials | Core integrity fell below 50% 2496 | -9/Materials | Reached level 6 2822 | -9/Materials | Reached level 7 2832 | -9/Materials | Build established: Hacker-Tank 3149 | -9/Materials | Identified exit to Mines 3303 | -9/Materials | Reached level 8 3351 | -9/Materials | Upgraded with Utility slot (x1) 3483 | -9/Materials | Discovered exit to Materials (range 14) 3694 | -9/Materials | First assault squad dispatched 3812 | -9/Materials | Destroyed 7 combat bots 3952 | -9/Materials | Discovered exit to Materials (range 15) 4169 | -9/Materials | Reached level 9 4182 | -9/Materials | Upgraded with Power slot (x1) 4971 | -9/Materials | Entered Mines 5003 | -9/Mines | Discovered exit to Materials (range 15) 5225 | -9/Mines | Assembled infested the area 5254 | -9/Mines | Met 8R-AWN 5283 | -9/Mines | Upgraded with Propulsion slot (x1) 5457 | -9/Mines | Found a hidden stash of uninstalled traps 5519 | -9/Mines | Found a damaged Exp. Sensor Array with a note attached 5523 | -9/Mines | Found Prototype Device 5523 | -9/Mines | Identified Exp. Sensor Array 5586 | -9/Mines | Build established: Scavenger-Mutant 5945 | -9/Mines | Reached level 10 6144 | -9/Mines | Discovered new exit (range 5) 6150 | -9/Mines | Entered Exiles 6171 | -9/Exiles | Discovered new exit (range 16) 6227 | -9/Exiles | Welcomed by 8R-AWN 6244 | -9/Exiles | Build established: Scavenger-Tank 6252 | -9/Exiles | Met EX-HEX 6310 | -9/Exiles | Met EX-DEC 6344 | -9/Exiles | Learned location of Zion (-6) 6379 | -9/Exiles | Met EX-BIN 6401 | -9/Exiles | Aligned with FarCom system 6403 | -9/Exiles | Given EX-Vault access code 6441 | -9/Exiles | Opened EX-Vault 6480 | -9/Exiles | Warned to stay clear of 0b10 Research branches 6552 | -9/Exiles | Learned about 8R-AWN's background 6856 | -9/Exiles | Build established: Scavenger-Mutant 6948 | -9/Exiles | Attacked by the Exiles 7078 | -9/Exiles | Destroyed 8R-AWN 7100 | -9/Exiles | Found Prototype Device 7100 | -9/Exiles | Identified AS-neutralizer No. 17b 7121 | -9/Exiles | Found Prototype Ballistic Gun 7121 | -9/Exiles | Identified 8R-AWN's Boregun 7131 | -9/Exiles | Found 8R-AWN's Boregun 7217 | -9/Exiles | Found Prototype Processor 7222 | -9/Exiles | Identified Exp. Targeting Computer 7295 | -9/Exiles | Core integrity fell below 20% 7422 | -9/Exiles | Destroyed EX-BIN 7440 | -9/Exiles | Destroyed EX-HEX 7454 | -9/Exiles | Destroyed EX-DEC 7522 | -9/Exiles | Found Prototype Device 7523 | -9/Exiles | Identified System Purifier 7627 | -9/Exiles | Discovered new exit (range 14) 7635 | -9/Exiles | Entered Mines 7698 | -8/Mines | Reached level 11 7766 | -8/Mines | Discovered exit to Materials (range 3) 8034 | -8/Mines | Reached level 12 8043 | -8/Mines | Discovered exit to Materials (range 16) 8066 | -8/Mines | Upgraded with Utility slot (x1) 8076 | -8/Mines | Destroyed 7 combat bots 8161 | -8/Mines | Entered Materials 8162 | -8/Materials | Identified exit to Storage 8480 | -8/Materials | Reached level 13 8508 | -8/Materials | Destroyed 7 combat bots 8606 | -8/Materials | Discovered new exit (range 17) 8653 | -8/Materials | Upgraded with Utility slot (x1) 8806 | -8/Materials | Discovered new exit (range 20) 8941 | -8/Materials | Identified exit to Garrison 9007 | -8/Materials | Destroyed 7 combat bots 9104 | -8/Materials | Discovered new exit (range 8) 9308 | -8/Materials | Repaired Broken Adv. Weapon Cycler 9365 | -8/Materials | Reached level 14 9454 | -8/Materials | Entered Garrison 9480 | -8/Garrison | Triggered checkpoint 9500 | -8/Garrison | Garrison Relay disabled 9573 | -8/Garrison | Discovered new exit (range 19) 9583 | -8/Garrison | Identified exit to Materials 9588 | -8/Garrison | Installed Relay Interface Framework 9621 | -8/Garrison | Garrison Relay disabled 9649 | -8/Garrison | Entered Materials 9680 | -8/Materials | Discovered exit to Storage (range 23) 9694 | -8/Materials | Build established: Scavenger-Scout 9832 | -8/Materials | Destroyed 7 combat bots 9835 | -8/Materials | Discovered new exit (range 11) 10082 | -8/Materials | Entered Storage 10285 | -8/Storage | Reached level 15 10293 | -8/Storage | Identified exit to Garrison 10386 | -8/Storage | Met 01-MTF 10387 | -8/Storage | Identified exit to Factory 10457 | -8/Storage | Discovered new exit (range 20) 10480 | -8/Storage | Central database locked down 10490 | -8/Storage | Used back door to open Recycling access 10491 | -8/Storage | Identified exit to Recycling 10723 | -8/Storage | Destroyed 01-MTF 10743 | -8/Storage | Found Prototype Device 10743 | -8/Storage | Identified 01-MTF's Autohacker 10853 | -8/Storage | Entered Garrison 10853 | -8/Garrison | Accompanied by 1 ally 10902 | -8/Garrison | Triggered checkpoint 10907 | -8/Garrison | Phase Generator disabled 10908 | -8/Garrison | Triggered checkpoint 10935 | -8/Garrison | Discovered exit to Recycling (range 17) 11056 | -8/Garrison | Triggered checkpoint 11093 | -8/Garrison | Garrison Relay disabled 11154 | -8/Garrison | Discovered exit to Recycling (range 16) 11194 | -8/Garrison | Triggered checkpoint 11235 | -8/Garrison | Discovered exit to Recycling (range 15) 11259 | -8/Garrison | Expanded RIF knowledge: Command Fork 11269 | -8/Garrison | Entered Recycling 11293 | -8/Recycling | Spotter reported a threat 11296 | -8/Recycling | Spotter reported a threat 11344 | -8/Recycling | Spotter reported a threat 11346 | -8/Recycling | Spotter reported a threat 11394 | -8/Recycling | Spotter reported a threat 11439 | -8/Recycling | Spotter reported a threat 11461 | -8/Recycling | Spotter reported a threat 11490 | -8/Recycling | Spotter reported a threat 11519 | -8/Recycling | Spotter reported a threat 11527 | -8/Recycling | Spotter reported a threat 11547 | -8/Recycling | Spotter reported a threat 11581 | -8/Recycling | Spotter reported a threat 11581 | -8/Recycling | Spotter reported a threat 11587 | -8/Recycling | Discovered new exit (range 5) 11648 | -8/Recycling | Spotter reported a threat 11658 | -8/Recycling | Spotter reported a threat 11727 | -8/Recycling | Spotter reported a threat 11751 | -8/Recycling | Spotter reported a threat 11836 | -8/Recycling | Spotter reported a threat 11849 | -8/Recycling | Identified exit to Factory 11850 | -8/Recycling | Entered Factory 11852 | -6/Factory | Reached level 16 11879 | -6/Factory | Identified exit to Garrison 11879 | -6/Factory | Entered Garrison 11881 | -6/Garrison | Reached level 17 11886 | -6/Garrison | Upgraded with Utility slot (x1) 11972 | -6/Garrison | Triggered checkpoint 11992 | -6/Garrison | Discovered new exit (range 19) 12116 | -6/Garrison | Identified exit to Factory 12119 | -6/Garrison | Expanded RIF knowledge: Coupler Efficiency 12138 | -6/Garrison | Reached level 18 12153 | -6/Garrison | Triggered checkpoint 12183 | -6/Garrison | Garrison Relay disabled 12297 | -6/Garrison | Discovered exit to Factory (range 23) 12303 | -6/Garrison | Triggered checkpoint 12303 | -6/Garrison | Garrison Relay disabled 12389 | -6/Garrison | Entered Factory 12410 | -6/Factory | Identified exit to Garrison 12678 | -6/Factory | Repaired Broken Fusion Compressor 12741 | -6/Factory | Discovered new exit (range 20) 12746 | -6/Factory | Found Prototype Processor 12746 | -6/Factory | Identified Exp. Signal Interpreter 13085 | -6/Factory | Discovered new exit (range 5) 13087 | -6/Factory | Identified exit to Factory 13199 | -6/Factory | Fabricated Powered Armor? 13422 | -6/Factory | Fabricated Mni. Fusion Reactor? 13591 | -6/Factory | Identified exit to Lower Caves 13591 | -6/Factory | Identified exit to Extension 13673 | -6/Factory | Fabricated Imp. Powered Armor (x1) 13707 | -6/Factory | Local fabrication network quarantined 13760 | -6/Factory | Entered Extension 13760 | -6/Extension | Accompanied by 1 ally 13762 | -6/Extension | Reached level 19 13765 | -6/Extension | Upgraded with Propulsion slot (x1) 13852 | -6/Extension | Rescued a captive Derelict 13895 | -6/Extension | Rescued a captive Derelict 13895 | -6/Extension | Rescued a captive Derelict 13917 | -6/Extension | Rescued a captive Derelict 13920 | -6/Extension | Rescued a captive Derelict 13973 | -6/Extension | Spotted B-75 Beast 13982 | -6/Extension | Spotted B-75 Beast 14004 | -6/Extension | Destroyed B-75 Beast 14024 | -6/Extension | Destroyed B-75 Beast 14053 | -6/Extension | Build established: Scavenger-Ninja 14071 | -6/Extension | Rescued a captive Derelict 14073 | -6/Extension | Rescued a captive Derelict 14112 | -6/Extension | Hacking Suite fried by hacking feedback 14146 | -6/Extension | Rescued A7 14156 | -6/Extension | Rescued a captive Derelict 14184 | -6/Extension | Identified exit to Cetus 14412 | -6/Extension | Discovered exit to Factory (range 10) 14564 | -6/Extension | Reached level 20 14749 | -6/Extension | Entered Cetus 14749 | -6/Cetus | Accompanied by 7 allies (A7) 14754 | -6/Cetus | Acquired a Cetus Manufacturing Module code from A7 14761 | -6/Cetus | Spotted Cetus Guard 14761 | -6/Cetus | Spotted Cetus Guard 14766 | -6/Cetus | Destroyed Cetus Guard 14766 | -6/Cetus | Spotted Cetus Guard 14768 | -6/Cetus | Destroyed Cetus Guard 14772 | -6/Cetus | Spotted Cetus Guard 14773 | -6/Cetus | Allies destroyed Cetus Guard 14778 | -6/Cetus | Destroyed Cetus Guard 14850 | -6/Cetus | Started Cetus Manufacturing Module 14875 | -6/Cetus | Manufactured an Enhanced Grunt 14875 | -6/Cetus | Escorted A7 to Cetus Mainframe 14887 | -6/Cetus | Discovered new exit (range 16) 14894 | -6/Cetus | Identified exit to Archives 14900 | -6/Cetus | Manufactured an Enhanced Grunt 14909 | -6/Cetus | Spotted Cetus Guard 14909 | -6/Cetus | Spotted Cetus Guard 14912 | -6/Cetus | Destroyed Cetus Guard 14913 | -6/Cetus | Spotted Cetus Guard 14919 | -6/Cetus | Allies destroyed Cetus Guard 14919 | -6/Cetus | Spotted Cetus Guard 14921 | -6/Cetus | Destroyed Cetus Guard 14925 | -6/Cetus | Manufactured an Enhanced Grunt 14925 | -6/Cetus | Allies destroyed Cetus Guard 14926 | -6/Cetus | Discovered exit to Factory (range 17) 14929 | -6/Cetus | Met Revision 17 14950 | -6/Cetus | Manufactured an Enhanced Grunt 14975 | -6/Cetus | Manufactured an Enhanced Grunt 15015 | -6/Cetus | Entered Archives 15015 | -6/Archives | Accompanied by 8 allies (A7) 15020 | -6/Archives | Received a hacking code to weaken MAIN.C 15031 | -6/Archives | Discovered exit to Factory (range 22) 15053 | -6/Archives | Discovered new exit (range 17) 15055 | -6/Archives | Unable to access archive contents 15061 | -6/Archives | Unable to access archive contents 15062 | -6/Archives | Discovered new exit (range 17) 15066 | -6/Archives | Unable to access archive contents 15087 | -6/Archives | Unable to access archive contents 15140 | -6/Archives | Identified exit to Hub_04(d) 15155 | -6/Archives | Entered Hub_04(d) 15155 | -6/Hub_04(d) | Accompanied by 5 allies 15157 | -6/Hub_04(d) | Reached level 21 15157 | -6/Hub_04(d) | Upgraded with Utility slot (x1) 15165 | -6/Hub_04(d) | Imp. Hacking Suite fried by hacking feedback 15207 | -6/Hub_04(d) | Spotted B-75 Beast 15214 | -6/Hub_04(d) | Allies destroyed B-75 Beast 15286 | -6/Hub_04(d) | Discovered exit to Factory (range 21) 15356 | -6/Hub_04(d) | Discovered exit to Factory (range 23) 15356 | -6/Hub_04(d) | Identified exit to Garrison 15420 | -6/Hub_04(d) | Discovered exit to Factory (range 10) 15499 | -6/Hub_04(d) | Discovered exit to Factory (range 15) 15505 | -6/Hub_04(d) | First assault squad dispatched 15505 | -6/Hub_04(d) | Identified exit to Garrison 15550 | -6/Hub_04(d) | Network Hub disabled 15550 | -6/Hub_04(d) | Network Hub disabled 15551 | -6/Hub_04(d) | Spotted Lightning 15551 | -6/Hub_04(d) | Spotted Lightning 15552 | -6/Hub_04(d) | Spotted Lightning 15552 | -6/Hub_04(d) | Spotted Lightning 15552 | -6/Hub_04(d) | Spotted Lightning 15552 | -6/Hub_04(d) | Spotted Lightning 15552 | -6/Hub_04(d) | Spotted Lightning 15552 | -6/Hub_04(d) | Spotted Lightning 15552 | -6/Hub_04(d) | Spotted Lightning 15558 | -6/Hub_04(d) | Network Hub disabled 15566 | -6/Hub_04(d) | Network Hub disabled 15593 | -6/Hub_04(d) | Entered Factory 15595 | -5/Factory | Reached level 22 15734 | -5/Factory | Crushed by falling debris 15793 | -5/Factory | Identified exit to Garrison 15848 | -5/Factory | Identified exit to Upper Caves 15923 | -5/Factory | Fabricated Biomechanical Wings (x1) 16091 | -5/Factory | Fabricated Biomechanical Wings (x1) 16368 | -5/Factory | Repaired Broken Adv. Weapon Cycler 16393 | -5/Factory | Local fabrication network quarantined 16402 | -5/Factory | Entered Garrison 16404 | -5/Garrison | Reached level 23 16609 | -5/Garrison | Discovered new exit (range 11) 16617 | -5/Garrison | Identified exit to Factory 16642 | -5/Garrison | Triggered checkpoint 16728 | -5/Garrison | Discovered exit to Factory (range 24) 16936 | -5/Garrison | Expanded RIF knowledge: Watcher Feeds 17074 | -5/Garrison | Spotted B-75 Beast 17075 | -5/Garrison | Destroyed B-75 Beast 17147 | -5/Garrison | Build established: Scavenger-Assassin 17176 | -5/Garrison | Entered Factory 17362 | -5/Factory | Identified exit to Garrison 17403 | -5/Factory | Discovered new exit (range 13) 17410 | -5/Factory | Identified exit to Factory 17523 | -5/Factory | Build established: Scavenger-Ninja 17530 | -5/Factory | Discovered exit to Factory (range 17) 17539 | -5/Factory | Spotted B-75 Beast 17556 | -5/Factory | Destroyed B-75 Beast 17570 | -5/Factory | Identified exit to Garrison 17582 | -5/Factory | Local fabrication network quarantined 17675 | -5/Factory | Repaired Mni. Fusion Reactor 17680 | -5/Factory | Fabricated Biomechanical Wings? 17706 | -5/Factory | Entered Garrison 17706 | -5/Garrison | Accompanied by 1 ally 17763 | -5/Garrison | P-80 Master assimilated hostile G-50 Soldier 17798 | -5/Garrison | Triggered checkpoint 17834 | -5/Garrison | Triggered checkpoint 17845 | -5/Garrison | Destroyed 15 combat bots 17879 | -5/Garrison | Discovered exit to Factory (range 23) 17924 | -5/Garrison | Discovered exit to Factory (range 12) 17929 | -5/Garrison | Expanded RIF knowledge: Command Fork 17944 | -5/Garrison | Garrison Relay disabled 17944 | -5/Garrison | Reached level 24 17977 | -5/Garrison | Entered Factory 18050 | -4/Factory | Identified exit to Garrison 18224 | -4/Factory | Discovered new exit (range 20) 18227 | -4/Factory | First assault squad dispatched 18393 | -4/Factory | Spotted B-86 Titan 18417 | -4/Factory | Identified exit to Garrison 18513 | -4/Factory | Discovered new exit (range 9) 18514 | -4/Factory | Sucked down chute 18514 | -4/Factory | Entered Waste 18522 | -4/Waste | Spotted C-40 Crusher 18529 | -4/Waste | EMP discharged 18532 | -4/Waste | Spotted C-40 Crusher 18536 | -4/Waste | Destroyed C-40 Crusher 18539 | -4/Waste | Destroyed C-40 Crusher 18543 | -4/Waste | Destroyed C-40 Crusher 18545 | -4/Waste | Spotted C-40 Crusher 18548 | -4/Waste | Destroyed C-40 Crusher 18551 | -4/Waste | Spotted C-40 Crusher 18562 | -4/Waste | Destroyed C-40 Crusher 18576 | -4/Waste | Destroyed C-40 Crusher 18588 | -4/Waste | Discovered new exit (range 16) 18601 | -4/Waste | Identified exit to Factory 18627 | -4/Waste | Entered Factory 18694 | -4/Factory | Reached level 25 18794 | -4/Factory | Spotted B-86 Titan 19211 | -4/Factory | Identified exit to Research 19230 | -4/Factory | Discovered new exit (range 17) 19247 | -4/Factory | Identified exit to Upper Caves 19267 | -4/Factory | Identified exit to Garrison 19288 | -4/Factory | Discovered exit to Upper Caves (range 24) 19592 | -4/Factory | Build established: Hacker-Ninja 19749 | -4/Factory | Fabricated Adv. Powered Armor? 19764 | -4/Factory | Fabricated Imp. Fusion Compressor? 19826 | -4/Factory | Fabricated Exp. Terrain Scanner (x1) 19960 | -4/Factory | Repaired Broken Imp. Cloaking Device 20024 | -4/Factory | Entered Garrison 20024 | -4/Garrison | Accompanied by 4 allies 20034 | -4/Garrison | Triggered checkpoint 20042 | -4/Garrison | Reached level 26 20068 | -4/Garrison | Spotted B-86 Titan 20122 | -4/Garrison | Destroyed B-86 Titan 20125 | -4/Garrison | Upgraded with Utility slot (x1) 20126 | -4/Garrison | Triggered checkpoint 20128 | -4/Garrison | Triggered checkpoint 20164 | -4/Garrison | Triggered checkpoint 20210 | -4/Garrison | Destroyed 8 combat bots 20240 | -4/Garrison | Discovered new exit (range 9) 20303 | -4/Garrison | Identified exit to Factory 20304 | -4/Garrison | Expanded RIF knowledge: Autoassimilate 20316 | -4/Garrison | Phase Generator disabled 20339 | -4/Garrison | Discovered exit to Factory (range 16) 20340 | -4/Garrison | Spotted B-86 Titan 20340 | -4/Garrison | Spotted B-86 Titan 20367 | -4/Garrison | Entered Factory 20414 | -4/Factory | Discovered exit to Upper Caves (range 13) 20739 | -4/Factory | Identified exit to Garrison 20739 | -4/Factory | Entered Garrison 20741 | -4/Garrison | Expanded RIF knowledge: Program Shield 20774 | -4/Garrison | Spotted B-86 Titan 20851 | -4/Garrison | Discovered exit to Research (range 30) 20852 | -4/Garrison | Triggered checkpoint 20864 | -4/Garrison | Garrison Relay disabled 20903 | -4/Garrison | Destroyed B-86 Titan 20917 | -4/Garrison | Discovered exit to Research (range 28) 20928 | -4/Garrison | Triggered checkpoint 20952 | -4/Garrison | Triggered checkpoint 21155 | -4/Garrison | Entered Research 21157 | -3/Research | Reached level 27 21181 | -3/Research | Build established: Scavenger-Ninja 21192 | -3/Research | Discovered new exit (range 28) 21209 | -3/Research | Identified exit to Quarantine 21220 | -3/Research | Spotted B-86 Titan 21355 | -3/Research | Revision forces began assault on 0b10 21438 | -3/Research | Reached level 28 21463 | -3/Research | Repaired Broken Adv. Shield Generator 21523 | -3/Research | Fabricated Adv. Reaction Control System (x1) 21529 | -3/Research | Met up with Revision 17++ 21678 | -3/Research | Entered Quarantine 21679 | -3/Quarantine | Identified exit to Research 21698 | -3/Quarantine | Found Alien Artifact 21698 | -3/Quarantine | Identified Terrabomb 21698 | -3/Quarantine | Used Terrabomb 21780 | -3/Quarantine | Found Alien Energy Cannon 21780 | -3/Quarantine | Identified Core Cannon 22143 | -3/Quarantine | Found Alien Artifact 22143 | -3/Quarantine | Identified Matter Drive 22251 | -3/Quarantine | Found Alien Artifact 22260 | -3/Quarantine | Identified Subatomic Replicator 22296 | -3/Quarantine | Cryocooling Duct disabled 22303 | -3/Quarantine | Reached level 29 22311 | -3/Quarantine | Ambient heat levels rising (+20) 22311 | -3/Quarantine | Non-combat units ordered to evacuate 22321 | -3/Quarantine | Found Alien Impact Weapon 22321 | -3/Quarantine | Identified Core Stripper 22322 | -3/Quarantine | Upgraded with Utility slot (x1) 22396 | -3/Quarantine | Spotted Alpha 7 22410 | -3/Quarantine | Destroyed Alpha 7 22422 | -3/Quarantine | Found Prototype Ballistic Gun 22422 | -3/Quarantine | Identified Multirail 22560 | -3/Quarantine | Entered Research 22560 | -2/Research | Accompanied by 1 ally 22562 | -2/Research | Reached level 30 22562 | -2/Research | Upgraded with Weapon slot (x1) 22614 | -2/Research | Found Prototype Processor 22614 | -2/Research | Identified Exp. Core Analyzer 22679 | -2/Research | Discovered new exit (range 6) 22681 | -2/Research | Identified exit to Access 22769 | -2/Research | Discovered new exit (range 16) 22777 | -2/Research | Identified exit to Testing 22905 | -2/Research | Entered Testing 22946 | -2/Testing | Found Prototype Ballistic Cannon 22946 | -2/Testing | Identified Omega Cannon 23025 | -2/Testing | Reached level 31 23034 | -2/Testing | Found Prototype Energy Cannon 23034 | -2/Testing | Identified Null Cannon 23106 | -2/Testing | Found Portable AFG 23160 | -2/Testing | Spotted Striker 23160 | -2/Testing | Spotted Striker 23290 | -2/Testing | Found Prototype Energy Cannon 23290 | -2/Testing | Identified Cld. Nova Cannon 23313 | -2/Testing | Found Prototype Hackware 23313 | -2/Testing | Identified Ghost Barrier 23360 | -2/Testing | Found Prototype Device 23360 | -2/Testing | Identified Exp. Phase Shifter 23363 | -2/Testing | Found Prototype Reactor 23363 | -2/Testing | Identified Zero-point Reactor 23369 | -2/Testing | Found Zero-point Reactor 23388 | -2/Testing | Spotted Fortress 23405 | -2/Testing | Destroyed Fortress 23430 | -2/Testing | Found Prototype Device 23431 | -2/Testing | Identified Exp. Force Field 23433 | -2/Testing | Found Thermal Barrier 23566 | -2/Testing | Build established: Hacker-Ninja 23581 | -2/Testing | Discovered new exit (range 6) 23582 | -2/Testing | Identified exit to Section 7 23582 | -2/Testing | Entered Section 7 23597 | -2/Section 7 | Found Alien Artifact 23613 | -2/Section 7 | Identified Integrated Reactor 23652 | -2/Section 7 | Scanned by Researcher 23660 | -2/Section 7 | Found Alien Artifact 23660 | -2/Section 7 | Identified Integrated Dissipator 23660 | -2/Section 7 | Installed Integrated Dissipator, increased core heat dissipation (+20) 23667 | -2/Section 7 | Used Subatomic Replicator to replicate Integrated Reactor 23669 | -2/Section 7 | Installed Integrated Reactor, increased core energy generation (+10) 23670 | -2/Section 7 | Installed Integrated Reactor, increased core energy generation (+10) 23680 | -2/Section 7 | Spotted B-90 Cyclops 23683 | -2/Section 7 | Identified exit to Garrison 23684 | -2/Section 7 | Entered Garrison 23686 | -2/Garrison | Reached level 32 23734 | -2/Garrison | Discovered exit to Access (range 23) 23799 | -2/Garrison | Discovered exit to Access (range 25) 23838 | -2/Garrison | Triggered checkpoint 23844 | -2/Garrison | Expanded RIF knowledge: Signal Jamming 23865 | -2/Garrison | Entered Access 23867 | -1/Access | Reached level 33 23881 | -1/Access | Identified exit to Surface 23914 | -1/Access | Spotted B-99 Colossus 23969 | -1/Access | Local fabrication network quarantined 23987 | -1/Access | Fabricated Exp. Q-thruster (x1) 24039 | -1/Access | Spotted B-99 Colossus 24055 | -1/Access | Intercept squad dispatched 24065 | -1/Access | Spotted Tracker 24065 | -1/Access | Spotted Tracker 24079 | -1/Access | Core integrity fell below 50% 24082 | -1/Access | Destroyed Tracker 24084 | -1/Access | Destroyed Tracker 24094 | -1/Access | Found Exp. Phase Shifter 24115 | -1/Access | Spotted Combat Programmer 24119 | -1/Access | Destroyed Combat Programmer 24140 | -1/Access | Spotted Combat Programmer 24148 | -1/Access | Core integrity fell below 20% 24153 | -1/Access | Destroyed Combat Programmer 24294 | -1/Access | Discovered new exit (range 29) 24377 | -1/Access | Build established: Scavenger-Skirmisher 24395 | -1/Access | First assault squad dispatched 24411 | -1/Access | Identified exit to Command 24413 | -1/Access | Entered Command 24415 | -1/Command | Reached level 34 24637 | -1/Command | Found Prototype Device 24637 | -1/Command | Identified Exp. Focal Shield 24638 | -1/Command | Upgraded with Utility slot (x1) 24841 | -1/Command | Reached level 35 24878 | -1/Command | Spotted B-99 Colossus 25051 | -1/Command | Phase Generator disabled 25210 | -1/Command | First assault squad dispatched 25252 | -1/Command | Repaired Adv. Powered Armor 25647 | -1/Command | Destroyed 7 combat bots 25900 | -1/Command | Spotted Combat Programmer 26168 | -1/Command | Met MAIN.C 26168 | -1/Command | Reached level 36 26183 | -1/Command | Destroyed MAIN.C Shell 26185 | -1/Command | MAIN.C activated Command garrisons 26191 | -1/Command | 0b10 Conduit disabled 26209 | -1/Command | Spotted Combat Programmer 26212 | -1/Command | Spotted M Guard 26239 | -1/Command | Destroyed by M Guard with Graviton Cannon Last Messages --------------- 26234_ MAIN.C suffers critical hit. 26234_ Destroyed Prototype Ballistic Gun. 26234_ Slug penetrates 0b10 Conduit. 26235_ Acquired 17 matter. 26235_ EMDS Slug penetrates Combat Programmer. 26235_ Adv. Powered Armor severed. 26236_ Acquired 1 matter. 26236_ C-30 ARC bursts open, deploying its payload. 26236_ G-73 Enforcer unfolds itself. 26236_ L-61 Swordsman unfolds itself. 26236_ B-74 Champion unfolds itself. 26236_ G-73 Enforcer unfolds itself. 26236_ M-36 Artificer unfolds itself. 26236_ Slug penetrates MAIN.C. 26237_ System corrupted: Energy discharge (-33). 26237_ Acquired 17 matter. 26237_ Penetrated by EMDS Slug. 26238_ Acquired 1 matter. 26239_ Acquired 17 matter. 26239_ Penetrated by EMDS Slug. Map ----- +----------------------------------------------------+ | ???????????????????????????????????############### | | ?????????????????????????????????################# | | ???????????????????????????????????############### | | ??????????????????????????????????################ | | ?????????????????????????????????##?############## | | ?????????????????????????????????################# | | ?????????????????????????????????################# | | ??????????????????????????????#??################# | | ???????????????????????????????#?################# | | ?????????????????????????????????################# | | ?????????????????????????????##?################## | | ????????????????????????????????################## | | ???????????????????????????????#?################# | | ?????????????????????????????###?################# | | ????????????????????????########################## | | ?????????????????????? """" ############## | | ?????????????????????? "" ############## | | ?????????????????????? "" ############## | | ????????????????????"""""" ; Y | | ???????????????" ??? """ g m% | | ??????????????#"" """""" %% | | ??????????????#"" """""" b ;############# | | ??????????????# """" g lg ############## | | ??????????????# "" ggm ############# | | ??????????????# " MllYb "############## | | ????????????????""""" @l ""############## | | ??????????????#"" lpp ############## | | ??????????????# "############## | | ??????????????# ############## | | ??????????????# " ############## | | ??????????????" " " "" ############## | | ??????????????" "" " " """" ############## | | ??????????????" " " " " ############## | | ??????????????# """""""""" " ############## | | ??????????????# " """ " """ """"############## | | ??????????????# ???"" " " " ############## | | ??????????????##??????############################ | | ???????????????????????????????????#??############ | | ??????????????????????????????????#???############ | | ???????????????????????????????????##?############ | | ??????????????????????????????????????#?########## | | ?????????????????????????????????????#?########### | | ?????????????????????????????????????????######### | | ??????????????????????????????????????#?########## | | ????????????????????????????????????????#??####### | | ?????????????????????????????????????????##?###### | | ???????????????????????????????????????????####### | | ???????????????????????????????????????????????#?# | | ?????????????????????????????????????????????????# | | ?????????????????????????????????????????????????? | +----------------------------------------------------+ Best States ------------- Heat Dissipation 93 Coolant Potential 120 Energy Generation 81 Energy Capacity 980 Matter Stores 560 Matter Capacity 600 Sight Range 17 Robot Scan Range 22 Terrain Scan Range 30 Terrain Scan Density 510 ECM Strength 3 Jamming Range 16 Cloak Strength 3 Armor Coverage 800 Resistance: KI 30 Resistance: TH 20 Resistance: EM 15 Weapon Cycling 25 Phase Shifting 20 Evasion (%) 100 Targeting Accuracy 12 Armor Integrity Analysis 66 Recoil Reduction 4 Energy Filtering 30 Offensive Hacking 22 Defensive Hacking 30 Relay Coupler Types 140 Relay Coupler Value 2 Item Schematics ----------------- Spread Laser | -9/Materials | Scanalyzed Datajack | -9/Materials | Scanalyzed Imp. EM Shotgun | -9/Materials | Scanalyzed Trap Extractor | -9/Materials | Scanalyzed Grenade Launcher | -9/Materials | Scanalyzed Hacking Suite | -9/Materials | Hacked Imp. Assault Rifle | -9/Materials | Scanalyzed Missile Launcher | -9/Materials | Scanalyzed System Purifier | -8/Materials | Scanalyzed Cmb. Airjet | -8/Materials | Scanalyzed Adv. Weapon Cycler | -8/Materials | Scanalyzed Exp. Heat Sink | -8/Materials | Scanalyzed Lrn. Terrain Scanner | -8/Materials | Scanalyzed Powered Armor | -8/Materials | Hacked VTOL Module | -8/Materials | Hacked Adv. Signal Interpreter | -8/Storage | Hacked Arm. Treads | -8/Storage | Hacked Plasma Cannon | -8/Storage | Hacked Adv. ECM Suite | -8/Recycling | Hacked Power Maul | -8/Recycling | Hacked Fusion Compressor | -6/Factory | Scanalyzed Adv. Hardlight Generator | -6/Factory | Hacked Mni. Fusion Reactor | -6/Factory | Scanalyzed Biomechanical Wings | -6/Factory | Scanalyzed Lrn. Tractor Beam | -6/Factory | Scanalyzed Imp. Transmission Jammer | -6/Factory | Scanalyzed Imp. Powered Armor | -6/Factory | Hacked Adv. Actuator Array | -6/Extension | Hacked Hvy. Pick | -6/Extension | Hacked Antigrav System | -6/Extension | Hacked Adv. Field Recycling Unit | -6/Extension | Hacked Adv. Target Analyzer | -6/Hub_04(d) | Hacked Com. HERF Cannon | -5/Factory | Scanalyzed Imp. Matter Compressor | -5/Factory | Scanalyzed Imp. Energy Well | -5/Factory | Scanalyzed Cld. Gravmag System | -5/Factory | Scanalyzed Imp. Core Analyzer | -5/Factory | Scanalyzed Adv. Force Booster | -4/Factory | Hacked Adv. Reaction Control System | -4/Factory | Hacked Adv. Core Analyzer | -4/Factory | Hacked Adv. Coolant Injector | -4/Factory | Hacked Adv. Powered Armor | -4/Factory | Hacked Imp. Fusion Compressor | -4/Factory | Hacked Exp. Terrain Scanner | -4/Factory | Hacked Quantum Reactor | -4/Factory | Hacked Nova Cannon | -4/Factory | Hacked Corruption Screen | -4/Factory | Hacked Imp. Cloaking Device | -4/Factory | Scanalyzed Reaction Control System | -4/Factory | Scanalyzed Gamma Bomb Array | -4/Factory | Hacked Stasis Beam | -4/Factory | Hacked Adv. Shield Generator | -3/Research | Scanalyzed Exp. Cooling System | -2/Research | Scanalyzed Imp. Q-thruster | -2/Testing | Hacked Lgt. Quantum Reactor | -2/Testing | Hacked Adv. Matter Compressor | -2/Testing | Scanalyzed Exp. Q-thruster | -2/Testing | Scanalyzed Exp. Force Field | -2/Section 7 | Scanalyzed Robot Schematics ------------------ M-13 Machinist | -10/Materials | Hacked O-16 Technician | -10/Materials | Hacked K-01 Serf | -6/Extension | Hacked Fabricated ------------ Powered Armor | x2 | -6/Factory Mni. Fusion Reactor | x1 | -6/Factory Imp. Powered Armor | x1 | -6/Factory Biomechanical Wings | x1 | -5/Factory Biomechanical Wings | x1 | -5/Factory Biomechanical Wings | x1 | -5/Factory Adv. Powered Armor | x1 | -4/Factory Imp. Fusion Compressor | x1 | -4/Factory Exp. Terrain Scanner | x1 | -4/Factory Adv. Reaction Control System | x1 | -3/Research Exp. Q-thruster | x1 | -1/Access Alien Tech Used ----------------- Terrabomb Core Cannon Matter Drive Core Stripper Integrated Dissipator Subatomic Replicator Integrated Reactor Achievements -------------- None Challenges ------------ None RPGLIKE | -11 -10 -10 -9 -9 -9 -8 -8 -8 -8 -8 -8 -8 -6 -6 -6 -6 -6 -6 -6 -5 -5 -5 -5 -4 -4 -4 -4 -4 -4 -3 -3 -2 -2 -2 -2 -1 -1 --------- Run | Scr Mat Min Mat Min Exi Min Mat Gar Mat Sto Gar Rec Fac Gar Fac Ext Cet Arc Hub Fac Gar Fac Gar Fac Was Fac Gar Fac Gar Res Qua Res Tes Sec Gar Acc Com Levels Raised 35 | . 2 2 4 1 . 2 2 . . 1 . . 1 2 . 2 . . 1 1 1 . 1 . . 1 1 . . 2 1 1 1 . 1 1 3 XP Earned 56370 | 3000 3630 2825 6150 949 117 3177 2690 384 728 830 465 416 1500 2247 640 1857 851 377 1508 1507 850 272 577 1206 97 1435 875 68 333 2439 1125 1906 1425 921 421 2425 4147 XP Spent 54015 | 2800 2750 3100 5410 800 700 2610 4320 . . 1250 . . . 4400 . 1100 . . 3200 600 1750 1100 . 210 . . 4130 . . 575 3800 1100 2150 . . 360 5800 Upgrades 81 | 9 4 2 9 1 7 4 13 . . 1 . . . 2 . 1 . . 1 1 1 1 . 1 . . 3 . . 2 1 1 2 . . 2 12 Power Slot 1 | . . . 1 . . . . . . . . . . . . . . . . . . . . . . . . . . . . . . . . . . Propulsion Slot 3 | 1 . . . 1 . . . . . . . . . . . 1 . . . . . . . . . . . . . . . . . . . . . Utility Slot 13 | 1 2 2 1 . . 1 1 . . . . . . 1 . . . . 1 . . . . . . . 1 . . . 1 . . . . . 1 Weapon Slot 3 | 1 1 . . . . . . . . . . . . . . . . . . . . . . . . . . . . . . 1 . . . . . Core Integrity 18 | . . . . . 6 2 . . . . . . . . . . . . . . . . . . . . . . . . . . . . . . 10 Heat Dissipation 8 | . 1 . 1 . . . 2 . . . . . . . . . . . . . . . . . . . 1 . . . . . 1 . . 2 . Matter Storage 1 | . . . . . . . . . . . . . . . . . . . . . . . . . . . . . . . . . . . . . 1 Mass Support 3 | . . . 1 . . . . . . . . . . . . . . . . 1 . 1 . . . . . . . . . . . . . . . Inventory Capacity 8 | 2 . . 2 . . . . . . 1 . . . 1 . . . . . . 1 . . . . . . . . . . . 1 . . . . Sight Range 1 | 1 . . . . . . . . . . . . . . . . . . . . . . . . . . . . . . . . . . . . . Sensor Range 11 | . . . . . . . 9 . . . . . . . . . . . . . . . . . . . . . . 2 . . . . . . . Terrain Scan Density 5 | 1 . . 1 . . 1 1 . . . . . . . . . . . . . . . . 1 . . . . . . . . . . . . . Ranged Accuracy 2 | . . . . . 1 . . . . . . . . . . . . . . . . . . . . . 1 . . . . . . . . . . Hack Attack % 2 | 1 . . 1 . . . . . . . . . . . . . . . . . . . . . . . . . . . . . . . . . . Hack Defense % 2 | 1 . . 1 . . . . . . . . . . . . . . . . . . . . . . . . . . . . . . . . . . Protomatter Created 8520 | . 161 13 468 166 4 260 834 11 350 422 308 69 . 312 161 283 164 . 134 188 676 71 156 76 253 334 442 . 157 154 52 226 256 . 94 131 1134 Integrity Restored 17330 | . 471 21 984 322 . 813 1008 76 210 449 545 . . 839 47 655 358 173 392 771 1623 213 351 219 18 1310 418 . 446 218 356 528 727 . 282 393 2094 Core 12545 | . 451 21 745 149 . 813 433 8 144 215 318 . . 540 4 426 235 128 352 534 1194 213 324 104 13 1171 207 . 372 149 314 364 393 . 282 393 1536 Parts 4785 | . 20 . 239 173 . . 575 68 66 234 227 . . 299 43 229 123 45 40 237 429 . 27 115 5 139 211 . 74 69 42 164 334 . . . 558 Protomatter Decayed 5419 | . . 4 122 61 . . 414 . 194 273 75 69 . 42 144 308 230 78 265 . 126 . 136 . 159 . 386 . . 1909 . 47 . . . . 377 Game ------ Seed MappingInertialWand Manual? 0 Play Time 07:57:23 Cumulative 312.4 hours Start 2020.09.30 @ 14:02:38 End 2020.10.01 @ 19:41:22 Sessions 5 Manual Loads 0 Difficulty Rogue Special Mode Winter2019/RPGLIKE Game No. 119 Rogue 119 Adventurer 0 Explorer 0 Win Type - Total 4 Types 3/0/0/1/0/0/0/0/0 Lore% 84 Gallery% 90 Achievement% 71 Wizard Run 0 Options --------- ASCII 0 Keyboard 0 Movement Numpad Keybinds 0 Fullscreen 1 Font 18/SmallcapsGlow Map View 76x50 Tactical HUD 1 Map Filters NONE Filters NONE Steam 1 RUN: 82b53c6b-8312-4666-aaea-9563b6901c9b